 Dungeon Crawl Stone Soup version 0.31.0-11-ge490571c62 (webtiles) character file.

Game seed: 15237176252467418143

88806734 Sapher the Intangible (level 27, 219/219 HPs)
             Began as a Felid Ice Elementalist on Feb 8, 2024.
             Was the Champion of Jiyva.
             Escaped with the Orb
             ... and 15 runes
             ... and 7 gems on Feb 10, 2024!
             The game lasted 09:03:49 (16251 turns).

Sapher the Intangible (Felid Ice Elementalist)     Turns: 16251, Time: 09:03:49

Health: 219/219    AC: 32    Str: 10    XL:     27
Magic:  51/51      EV: 61    Int: 40    God:    Jiyva [******]
Gold:   1068       SH:  6    Dex: 34    Spells: 1/64 levels left
                                        Lives:  2   Deaths: 7

rFire   + +          .
                       - Unarmed
rCold   + . .        (shield unavailable)
rNeg    + + .        (body armour unavailable)
rPois   ∞            (helmet unavailable)
rElec   +            (cloak unavailable)
rCorr   +            (gloves unavailable)
SInv    +            (boots unavailable)
Will    +++++        g - amulet "Yshidweu" {RegenMP Int+3 Dex+2}
Stlth   +++          m - ring "Nonnyet" {rC+ rN+ MP+9 Dex+5}
HPRegen 2.16/turn    r - ring of Ilopp {Str+6 Int+6}
MPRegen 1.52/turn

%: clarity
@: statue-form, flying, studying Unarmed Combat, very slow
A: slow and powerful, torment resistance 1, boosted hp, very small, claws 1,
fangs 3, see invisible, (shaggy fur 3), stealthy paws, no weapons or thrown
items, no armour, multi-lived, large bone plates 2, thin skeletal structure 2,
agile 1, clarity, clever 1, low MP 1, strong-willed 1, poison resistance,
(gelatinous body 3), jelly sensing items, inability to drink after injury 2,
inability to read after injury 1, engulf
0: Orb of Zot
}: 15/15 runes: serpentine, barnacled, slimy, silver, golden, iron, obsidian,
icy, bone, abyssal, demonic, glowing, magical, fiery, dark
a: Begin Untransformation, Renounce Religion, Oozemancy, Slimify


You escaped.
You worshipped Jiyva.
Jiyva was exalted by your worship.
You were a living statue of rough stone.
You visited 15 branches of the dungeon, and saw 82 of its levels.
You visited Pandemonium 2 times, and saw 19 of its levels.
You visited the Abyss 2 times.
You visited 2 ziggurats, and saw 34 of their levels (deepest: 17).
You also visited: Sewer, Ossuary, Ice Cave and Wizlab.

You collected 4400 gold pieces.
You spent 3332 gold pieces at shops.

Inventory:

Jewellery
 c - the ring of the Tortoise {AC+8}
   (You found it on level 11 of a ziggurat)

   [ring of protection]

   AC+8:      It affects your AC (+8).
 e - the amulet "Gougah" {RegenMP rPois Int+3}
   (You found it on level 9 of a ziggurat)

   [amulet of magic regeneration]

   RegenMP:   It increases your rate of magic regeneration.
   Int+3:     It affects your intelligence (+3).
   rPois:     It protects you from poison
 g - the amulet "Yshidweu" (around neck) {RegenMP Int+3 Dex+2}
   (You found it on level 7 of Cocytus)

   [amulet of magic regeneration]

   RegenMP:   It increases your rate of magic regeneration.
   Int+3:     It affects your intelligence (+3).
   Dex+2:     It affects your dexterity (+2).
 l - the amulet of the Real Monster {RegenMP rCorr}
   (You took it off a vault guard on level 3 of the Vaults)

   [amulet of magic regeneration]

   RegenMP:   It increases your rate of magic regeneration.
   rCorr:     It protects you from acid and corrosion.
 m - the ring "Nonnyet" (left paw) {rC+ rN+ MP+9 Dex+5}
   (You found it on level 11 of a ziggurat)

   [ring of protection from cold]

   Dex+5:     It affects your dexterity (+5).
   rC+:       It protects you from cold.
   rN+:       It protects you from negative energy.
   MP+9:      It affects your magic capacity (+9).
 p - the ring of Zifev {rElec rF+ Str+4 Dex+2}
   (You found it on level 9 of a ziggurat)

   [ring of protection from fire]

   Str+4:     It affects your strength (+4).
   Dex+2:     It affects your dexterity (+2).
   rF+:       It protects you from fire.
   rElec:     It insulates you from electricity.
 r - the ring of Ilopp (right paw) {Str+6 Int+6}
   (You found it on level 13 of a ziggurat)

   [ring of intelligence]

   Str+6:     It affects your strength (+6).
   Int+6:     It affects your intelligence (+6).
 s - the brooch of Shielding {Spirit SH+8}
   (You found it on level 16 of a ziggurat)

   [amulet of guardian spirit]

   Spirit:    It causes incoming damage to be divided between your reserves of
   health and magic.
   SH+8:      It affects your SH (+8).
 u - the ring of the Lusting Gods {rF+ Int+5}
   (You found it on level 16 of a ziggurat)

   [ring of protection from fire]

   Int+5:     It affects your intelligence (+5).
   rF+:       It protects you from fire.
 G - the ring of Cepriap {rF+ rC- rN+ Will+ Slay+2}
   (You took it off a merfolk aquamancer on level 4 of the Shoals)

   [ring of protection from fire]

   Slay+2:    It affects your accuracy & damage with ranged weapons and melee
   (+2).
   rF+:       It protects you from fire.
   rC-:       It makes you vulnerable to cold.
   rN+:       It protects you from negative energy.
   Will+:     It increases your willpower.
Talismans
 q - the granite talisman of Puug Sups (active) {Fly rF++ SInv Stlth-}
   (You found it on level 10 of a ziggurat)

   [granite talisman]

   rF++:      It greatly protects you from fire.
   SInv:      It lets you see invisible.
   Fly:       It grants you flight.
   Stlth-:    It makes you less stealthy.
Wands
 k - a wand of charming (46)
 o - a wand of acid (11)
 C - a wand of flame (10)
 K - a wand of iceblast (55)
Scrolls
 a - 7 scrolls of amnesia
 d - 2 scrolls of fog
 f - 4 scrolls of teleportation
 i - 2 scrolls of vulnerability
 t - 3 scrolls of fear (quivered)
 v - 7 scrolls of immolation
 y - a scroll of summoning
Potions
 b - 15 potions of mutation
 h - a potion of brilliance
 j - a potion of resistance
 w - a potion of haste
 A - 2 potions of might
 D - a potion of curing
 E - a potion of cancellation
 H - 6 potions of lignification
Miscellaneous
 n - a phantom mirror


   Skills:
 + Level 25.2 Fighting
 O Level 27 Dodging
 - Level 14.6 Stealth
 - Level 9.6 Unarmed Combat
 - Level 19.0 Spellcasting
 - Level 10.0 Conjurations
 - Level 2.0 Summonings
 - Level 9.5 Translocations
 - Level 18.0 Fire Magic
 - Level 25.0 Ice Magic
 - Level 7.0 Air Magic
 - Level 23.0 Earth Magic
 - Level 2.0 Alchemy
 - Level 13.0 Evocations
 - Level 20.7 Shapeshifting


You had one spell level left.
You knew the following spells:

 Your Spells              Type           Power      Damage    Failure   Level
a - Passwall              Erth           100%       N/A       0%          3
b - Borgnjor's Vile Clut  Necr/Erth      46%        N/A       1%          5
c - Lehudib's Crystal Sp  Conj/Erth      53%        10d12     5%          8
i - Irradiate             Conj/Alch      36%        3d23      1%          5
n - Ignition              Fire           55%        3d15      2%          8
o - Ozocubu's Armour      Ice            100%       N/A       0%          3
r - Frozen Ramparts       Ice            100%       1d16      0%          3
s - Shatter               Erth           61%        3d45*     5%          9
v - Vhi's Electric Charg  Tloc/Air       100%       N/A       1%          4
z - Passage of Golubria   Tloc           85%        N/A       1%          4
B - Blink                 Tloc           100%       N/A       1%          2
Z - Polar Vortex          Ice            63%        12d8*     2%          9

Your spell library contained the following spells:

 Spells                   Type           Power      Damage    Failure   Level
 Foxfire                  Conj/Fire      100%       2x1d9     0%          1
 Freeze                   Ice            100%       1d10      0%          1
 Sandblast                Erth           100%       2d20      0%          1
 Kiss of Death            Conj/Necr      100%       2d13      1%          1
 Summon Small Mammal      Summ           100%       N/A       1%          1
 Ensorcelled Hibernation  Hex/Ice        100%       N/A       0%          2
 Scorch                   Fire           100%       2d9       0%          2
 Stone Arrow              Conj/Erth      100%       3d13      0%          3
 Summon Ice Beast         Ice/Summ       98%        N/A       0%          3
 Brom's Barrelling Bould  Conj/Erth      100%       2d11      0%          4
 Cigotuvi's Dreadful Rot  Necr/Alch/Air  100%       N/A       1%          2
 Lesser Beckoning         Tloc           100%       N/A       1%          2
 Mercury Vapours          Alch/Air       100%       N/A       1%          2
 Momentum Strike          Conj/Tloc      100%       3d10      1%          2
 Searing Ray              Conj           100%       2d8       1%          2
 Static Discharge         Conj/Air       100%       3-8/arc   1%          2
 Call Canine Familiar     Summ           52%        N/A       1%          3
 Dazzling Flash           Conj/Hex       100%       N/A       1%          3
 Fugue of the Fallen      Necr           38%        N/A       1%          3
 Gell's Gravitas          Tloc           85%        N/A       1%          3
 Inner Flame              Hex/Fire       83%        N/A       1%          3
 Mephitic Cloud           Conj/Alch/Air  73%        N/A       1%          3
 Sigil of Binding         Hex            38%        N/A       1%          3
 Swiftness                Air            76%        N/A       1%          3
 Teleport Other           Tloc           85%        N/A       1%          3
 Tukima's Dance           Hex            38%        N/A       1%          3
 Airstrike                Air            38%        2d(6-22)  1%          4
 Flame Wave               Conj/Fire      100%       2d21      1%          4
 Fulminant Prism          Conj/Alch      36%        3d17      1%          4
 Ignite Poison            Fire/Alch      87%        N/A       1%          4
 Manifold Assault         Tloc           85%        N/A       1%          4
 Sticky Flame             Fire/Alch      87%        2d13      1%          4
 Summon Lightning Spire   Summ/Air       65%        N/A       1%          4
 Arcjolt                  Conj/Air       41%        1d51      1%          5
 Fireball                 Conj/Fire      50%        3d20      1%          5
 Freezing Cloud           Conj/Ice/Air   50%        6-21      1%          5
 Iskenderun's Battlesphe  Conj           87%        2d13      1%          5
 Summon Forest            Summ/Tloc      35%        N/A       1%          5
 Bombard                  Conj/Erth      53%        9d9       1%          6
 Plasma Beam              Fire/Air       47%        2x1d62    1%          6
 Sculpt Simulacrum        Ice/Alch       49%        N/A       1%          6
 Starburst                Conj/Fire      50%        6d14      1%          6
 Ozocubu's Refrigeration  Ice            63%        4d21      1%          7
 Olgreb's Toxic Radiance  Alch           52%        N/A       3%          4
 Conjure Ball Lightning   Conj/Air       41%        3x3d13    3%          6
 Martyr's Knell           Necr/Summ      46%        N/A       4%          4
 Anguish                  Hex/Necr       19%        N/A       7%          4
 Animate Dead             Necr           38%        N/A       7%          4
 Cause Fear               Hex            19%        N/A       7%          4
 Dispel Undead            Necr           38%        3d16      7%          4
 Alistair's Intoxication  Alch           34%        N/A       9%          5
 Orb of Destruction       Conj           43%        9d12      10%         7
 Yara's Violent Unravell  Hex/Alch       23%        3d10      13%         5
 Eringya's Noxious Bog    Alch           26%        4d6       43%         6
 Summon Cactus Giant      Summ           26%        N/A       43%         6
 Spellforged Servitor     Conj/Summ      36%        N/A       45%         7
 Malign Gateway           Summ/Tloc      35%        N/A       50%         7
 Death Channel            Necr           19%        N/A       71%         6
 Fire Storm               Conj/Fire      50%        8d13      92%         9
 Haunt                    Necr/Summ      23%        N/A       98%         7
 Discord                  Hex            19%        N/A       100%        8
 Summon Horrible Things   Summ           26%        N/A       100%        8
 Chain Lightning          Conj/Air       41%        3d54      100%        9
 Animate Armour           Summ/Erth      Unusable   N/A       N/A         4
 Dimensional Bullseye     Hex/Tloc       Unusable   N/A       N/A         4

Dungeon Overview and Level Annotations

Branches:
Dungeon (15/15)              Lair (5/5) D:9          Shoals (4/4) Lair:3
  Snake (4/4) Lair:3        Slime (5/5) Lair:5       Vaults (5/5) D:14
  Crypt (3/3) Vaults:2       Tomb (3/3) Crypt:3      Depths (4/4) D:15
   Hell (visited)             Dis (7/7) Hell            Geh (7/7) Hell
    Coc (7/7) Hell            Tar (7/7) Hell            Zot (5/5) Depths:4
  Sewer (visited)         Ossuary (visited)           IceCv (visited)
 WizLab (visited)
 Temple: D:4-7          Orc: D:9-12

Altars:
Dithmenos
Elyvilon
Fedhas
Gozag
Kikubaaqudgha
Nemelex Xobeh
The Shining One
Jiyva

Shops:
D:2 [=   D:12 ?!:   Shoals:1 (   Snake:1 [[=*([*   Vaults:2 [   Vaults:3 !*
Depths:1 *?:

Portals:
Hell: Depths:1 Depths:3
Abyss: Depths:2
Pandemonium: Depths:2

Annotations:
D:3 3 runed translucent doors, Killmatronix's ghost, weakling TrMo
D:5 1 exclusion
D:12 Sonja
Lair:4 Rupert
Snake:2 2 transporters, Kenran's ghost, adept SpEE
Snake:3 2 runed translucent doors, jazmu's ghost, journeyman DsBe
Snake:4 exclusion: upstairs
Vaults:2 crypt
Vaults:3 Mennas
Vaults:4 1 exclusion
Depths:3 1 transporter, lugworm's ghost, veteran GnWn
Coc:7 Antaeus
Zot:5 4 transporters


Innate Abilities, Weirdness & Mutations

You are a living statue of rough stone.
Your actions are slow, but your melee attacks are powerful.
You are resistant to unholy torment.
Your maximum health is greatly increased.
You are immune to poison.
You have sharp claws.
You have razor-sharp teeth.
You have supernaturally acute eyesight. (SInv)
((Your thick and shaggy fur keeps you warm. (AC +3, rC+)))
Your paws help you pounce on unaware monsters.
You are incapable of wielding weapons or throwing items.
You cannot wear armour.
You gain extra lives every three experience levels.
You are mostly covered in large bone plates. (SH +6)
You have a moderately thin skeletal structure. (Dex +4, Stealth++)
You are agile. (Dex +4, Str/Int -1)
You possess an exceptional clarity of mind.
Your mind is acute. (Int +4, Str/Dex -1)
Your magical capacity is low. (-10% MP)
You are strong-willed. (Will+)
Your system is resistant to poisons. (rPois)
((Your gelatinous body deflects attacks. (AC +3, EV +3)))
You have a small jelly attached to you that senses nearby items.
You sometimes lose the ability to drink potions when taking damage.
You occasionally lose the ability to read scrolls when taking damage.
Your melee attacks may engulf your foes in ooze.


Message History

The kobold completely misses you.
You enter the passage of Golubria.
Casting: Passage of Golubria (safe; 1% risk of failure)
Confirm with . or Enter, or press ? or * to list all spells.
Aiming: Passage of Golubria (safe; 1% risk of failure)
Press: ? - help, Dir - move target The kobold throws a stone.
The stone misses you.
You enter the passage of Golubria.
The rat completely misses you.
You enter the passage of Golubria.
The kobold throws a stone.
You block the stone.
This passage seems to be blocked by something!
Okay, then.
Unknown command.
Casting: Passage of Golubria (safe; 1% risk of failure)
Confirm with . or Enter, or press ? or * to list all spells.
Okay, then.
Casting: Passage of Golubria (safe; 1% risk of failure)
Confirm with . or Enter, or press ? or * to list all spells.
A great freezing vortex appears around you.
You enter the passage of Golubria.
Casting: Polar Vortex (dangerous; 2% risk of failure)
Confirm with . or Enter, or press ? or * to list all spells.
Aiming: Passage of Golubria (safe; 1% risk of failure)
Press: ? - help, Dir - move target You enter the passage of Golubria.
The winds around you calm down.
You enter the passage of Golubria.
Blink to where?
Press: ? - help, Dir - move target
As you read the scroll of blinking, it crumbles to dust.
A ball python comes into view.
Blink to where?
Press: ? - help, Dir - move target
As you read the scroll of blinking, it crumbles to dust.
You hear a distant slurping noise.
Your magical contamination has completely faded away.
There is a staircase leading out of the dungeon here.
Unknown command.
Unknown command.
You have escaped!

# ############ #.
#######....##....#
...#≈≈≈≈≈...#.##..#.###
#.≈≈≈≈≈....#.......#.#
#J≈≈≈≈~(...#.....#.#.#
#.≈≈≈~≈........(.....#
#.≈≈..≈.8..#.#..†....#
#.≈≈≈............#...#
##.≈≈≈...[........#...# #
#..≈≈≈≈..≈............## #
#####..#≈≈≈.≈≈≈#...........### #
#..S...#≈≈≈≈≈≈≈#........#$....
####.###§.#########.#...........#
................ ............[###
.........###.### ###........†.###


You could see a neutral endoplasm (wandering) (fellow slime).

Vanquished Creatures
  Asmodeus (Geh:7)
  Mnoleg (Pan)
  Ereshkigal (Tar:7)
  A seraph (Pan)
  the Serpent of Hell (Geh:7)
  Gloorx Vloq (Pan)
  12 pandemonium lords
  Dispater (Dis:7)
  5 orbs of fire
  Khufu (Tomb:3)
  4 ancient liches
  2 dread liches
  8 juggernauts
  Boris (Vaults:5)
  8 Killer Klowns
  16 royal mummies
  17 shard shrikes
  Geryon (Hell)
  21 caustic shrikes
  19 profane servitors
  Jory (Depths:3)
  13 bone dragons
  4 golden dragons
  20 Tzitzimimeh
  An electric golem (Zot:5)
  10 doom hounds
  17 Brimstone Fiends
  10 tentacled monstrosities
  Zenata (Crypt:2)
  14 Ice Fiends
  11 hellephants
  A spectral shard shrike (Tar:6)
  18 iron giants
  19 tainted leviathans
  17 Hell Sentinels
  3 walking frostbound tomes (Pan)
  14 Orb Guardians (Zot:5)
  14 titans
  6 liches
  12 sphinxes
  23 searing wretches
  A deep elf master archer (Zig:13)
  21 ancient champions
  A quicksilver dragon (Zot:4)
  18 Executioners (Pan)
  2 death cobs (Zot:4)
  2 tentacled starspawn (Abyss:5)
  4 storm dragons
  6 shadow dragons
  13 tengu reavers
  A demonspawn warmonger (Pan)
  6 revenants
  6 draconian knights
  Kirke (Lair:4)
  2 thorn hunters (Zig:10)
  2 daevas (Pan)
  A draconian monk (Zig:10)
  An azure jelly (Coc:2)
  A fenstrider witch (Zig:10)
  9 protean progenitors
  14 frost giants
  7 emperor scorpions
  5 nagarajas
  17 fire giants
  9 quicksilver elementals
  16 narguns
  5 deep elf sorcerers
  9 iron dragons
  2 caustic shrike zombies
  3 draconian shifters
  36 balrugs
  7 ghost moths
  10 angels
  7 draconian scorchers
  12 orc warlords
  4 spectral caustic shrikes
  8 vault wardens
  9 curse skulls
  2 draconian stormcallers
  2 shard shrike simulacra
  4 demonspawn corrupters (Pan)
  22 reapers
  2 formless jellyfish
  5 ghouls
  15 ironbound preservers
  3 ironbound thunderhulks
  2 draconian annihilators
  4 juggernaut skeletons
  A broodmother (shapeshifter) (Zig:16)
  2 broodmothers (Zig:17)
  21 stone giants
  6 ophanim
  12 cacodemons
  22 very ugly things
  9 demonspawn blood saints
  2 spriggan defenders (Depths:2)
  2 apis (Pan)
  10 black draconians
  20 vampire knights
  15 elemental wellsprings
  An eleionoma (shapeshifter) (Zig:16)
  An eleionoma (Zig:10)
  8 green draconians
  22 putrid mouths
  14 red draconians
  4 lorocyprocas
  5 demonspawn black suns (Pan)
  2 deep elf death magi
  11 bennus
  7 purple draconians
  5 deep elf annihilators
  7 white draconians
  6 yellow draconians
  13 wendigos
  23 war gargoyles
  6 eidola
  A spectral quicksilver dragon (Tar:3)
  10 spark wasps
  18 dire elephants
  7 merfolk impalers
  16 blizzard demons
  13 merfolk javelineers
  3 green deaths
  A crystal guardian (Hell)
  47 iron golems
  A fire dragon (Depths:1)
  7 jiangshi
  22 mummy priests
  2 spectral krakens (Tar:7)
  3 deep elf high priests (Vaults:5)
  A quicksilver dragon zombie (Crypt:3)
  2 shambling mangroves (Zig:10)
  8 ettins
  6 spectral spriggans
  3 entropy weavers
  12 yaktaur captains
  6 ice dragons
  9 rakshasas
  29 vault guards
  Erolcha (D:9)
  A peacekeeper (Vaults:3)
  6 caustic shrike simulacra
  3 spriggan zombies (Depths:2)
  An alligator snapping turtle (Zig:12)
  3 hydras
  7 spriggan air magi
  4 anacondas
  13 centaur warriors
  A catoblepas (Zig:15)
  3 boulder beetles
  17 salamander tyrants
  A merfolk avatar (Zig:12)
  4 ogre magi (Zig:14)
  5 hell beasts
  5 ironbound frosthearts
  9 jorogumos
  5 juggernaut simulacra
  4 radroaches
  3 dancing weapons (Abyss:5)
  5 merfolk aquamancers
  7 stokers
  2 two-headed ogres (Zig:17)
  A death yak (Zig:15)
  35 hell hogs
  3 satyrs
  2 spectral dire elephants (Tar:4)
  3 tengu warriors (Depths:1)
  39 death scarabs
  6 demonic crawlers
  5 deep troll shamans
  6 spriggan berserkers
  10 naga warriors
  6 deep troll earth magi
  2 titan zombies
  10 orc high priests
  17 soul eaters
  13 vampire magi
  A shock serpent (Snake:2)
  33 sun demons
  2 hellephant skeletons (Pan)
  29 crystal echidnas
  20 naga sharpshooters
  2 occultists
  A wretched star (Abyss:5)
  2 shadow wraiths
  A hell knight (Vaults:5)
  11 sixfirhies
  4 salamander mystics
  9 iron trolls
  2 ghost moth zombies (Crypt:2)
  4 skysharks
  4 pharaoh ants
  A spatial maelstrom (Abyss:5)
  7 spark wasp zombies
  An iron giant zombie (Crypt:3)
  2 death drakes (Pan)
  13 skeletal warriors
  5 mana vipers
  15 flayed ghosts
  7 large abominations
  12 shadow demons
  3 spriggan druids
  10 sea snakes
  A storm dragon skeleton (Depths:1)
  An anaconda zombie (Hell)
  A lindwurm (Zig:15)
  9 arcanists
  A quicksilver dragon simulacrum (Coc:3)
  A deep elf archer (D:14)
  A spectral hydra (Tar:3)
  34 deep trolls
  A glowing orange brain (Pan)
  5 naga ritualists
  3 bog bodies (Crypt:2)
  3 goliath frogs (Zig:10)
  2 spriggan simulacra
  9 sun moths
  3 cherubim
  14 phantasmal warriors
  4 orange crystal statues
  2 golden dragon skeletons
  5 steelbarb worms
  A shadow dragon zombie (Crypt:1)
  3 deep elf zephyrmancers
  10 ironbound convokers
  11 necromancers
  11 orc knights
  7 manticores
  23 ugly things
  5 deep elf pyromancers
  3 harpies
  A shining eye (Pan)
  7 orc sorcerers
  4 wolf spiders
  A shadow dragon skeleton (Zig:11)
  An alligator skeleton (Tomb:1)
  A cyclops (D:15)
  A stone giant zombie (Tomb:3)
  4 salamanders (Snake:4)
  12 moths of wrath
  12 elephants
  3 merfolk sirens
  A moth of wrath (shapeshifter) (Vaults:5)
  6 kobold blastminers
  5 fauns
  4 Executioner simulacra (Pan)
  An elephant (shapeshifter) (Zig:7)
  A rust devil (Geh:6)
  3 meliai (Zig:17)
  15 vault sentinels
  5 ice statues (Pan)
  2 titan simulacra
  2 apocalypse crabs (Abyss:5)
  A dire elephant zombie (Tomb:1)
  2 naga zombies
  8 orange demons
  A frost giant skeleton (Crypt:3)
  6 water nymphs
  8 molten gargoyles (Geh:7)
  14 smoke demons
  12 naga magi
  3 dire elephant skeletons
  27 black mambas
  5 torpor snails (Zig:17)
  A shock serpent skeleton (Crypt:1)
  3 centaur skeletons
  9 spectral swamp worms (Tar:7)
  8 cane toads
  2 efreet
  A red draconian zombie (Crypt:3)
  An unseen horror (D:11)
  15 yaktaurs
  5 ice devils (Pan)
  9 freezing wraiths
  40 hellions
  An alligator snapping turtle skeleton (Tomb:3)
  2 spark wasp simulacra
  2 rime drakes
  19 tormentors
  3 tengu conjurers
  2 spectral nagas
  3 ancient zymes (Abyss:5)
  7 komodo dragons
  41 guardian mummies
  A golden dragon simulacrum (Coc:3)
  2 anaconda simulacra
  5 red devils
  2 glass eyes (Pan)
  A queen bee (D:11)
  2 harpy zombies
  4 polar bears
  5 tarantellas
  5 spectral harpies
  12 trolls
  5 wind drakes
  13 merfolk
  9 hornets
  3 tyrant leeches
  A tengu simulacrum (Vaults:3)
  3 hellwings (Pan)
  4 blink frogs
  11 fire giant simulacra (Coc:6)
  6 snapping turtles
  A harpy skeleton (Crypt:3)
  2 iron dragon simulacra
  5 stone giant simulacra
  2 slime creatures
  6 jumping spiders
  2 black mamba zombies
  2 spriggans (Depths:1)
  A water elemental (Zig:12)
  5 culicivoras
  30 ushabtiu
  A spriggan skeleton (Depths:1)
  A wyvern (Lair:3)
  2 vampires (D:13)
  15 ynoxinuls (Pan)
  A satyr skeleton (Crypt:2)
  An ice dragon skeleton (Tomb:3)
  3 wraiths
  5 hogs (Lair:4)
  A black mamba skeleton (Tomb:1)
  3 starcursed masses (Abyss:5)
  14 yaks
  2 basilisks
  15 fire elementals (Zot:4)
  2 steam dragons
  An elf zombie (Vaults:3)
  13 neqoxecs
  4 redbacks
  8 wargs
  A redback (shapeshifter) (Zig:16)
  11 chaos spawn
  39 nagas
  A glowing shapeshifter zombie (Depths:1)
  8 harpy simulacra
  2 human zombies (Vaults:3)
  15 water moccasins
  A hydra simulacrum (Coc:2)
  31 orc warriors
  A hornet zombie (Crypt:2)
  An ettin simulacrum (Coc:7)
  24 laughing skulls
  10 ogres
  A wolf (Zig:15)
  A small abomination (Abyss:5)
  6 centaurs
  4 kobold brigands
  5 bullfrogs
  A scorpion (D:7)
  2 naga simulacra
  A necrophage (Crypt:2)
  2 burial acolytes (Ossuary)
  4 wights (D:10)
  29 killer bees (D:11)
  A queen bee zombie (Crypt:2)
  2 howler monkeys (D:10)
  A bombardier beetle (D:3)
  3 centaur zombies
  A hound (shapeshifter) (Zig:5)
  2 hounds (D:5)
  31 jellies
  7 orc priests
  6 iron imps (Geh:6)
  Terence (D:3)
  6 orc wizards
  3 hell rats
  A sky beast zombie (Crypt:1)
  A crocodile zombie (Crypt:1)
  5 hound zombies
  49 mummies
  2 adders
  10 river rats (Lair:5)
  A white imp (D:8)
  3 ribbon worms
  16 orcs
  3 ball pythons
  11 endoplasms
  3 giant cockroaches (Sewer)
  4 gnoll zombies (Ossuary)
  3 goblins
  2 hobgoblins
  4 quokkas
  3 bats
  6 frilled lizards
  A giant cockroach zombie (Crypt:3)
  18 kobolds
  3 orc zombies (Ossuary)
  8 rats
  7 aspiring fleshes
  5 creeping infernos
  11 fire vortices
  2 lurking horrors (Abyss:5)
  A starspawn tentacle (Abyss:5)
2860 creatures vanquished.

Vanquished Creatures (collateral kills)
  Frederick (Vaults:3)
  A Hell Sentinel (Dis:6)
  Asterion (Vaults:3)
  A titan (Vaults:5)
  A tengu reaver (Vaults:5)
  A shadow dragon (Vaults:5)
  Aizul (Snake:2)
  Donald (Shoals:3)
  A fire giant (Vaults:5)
  A draconian shifter (Zot:5)
  2 vault wardens (Vaults:5)
  An orc warlord (Vaults:2)
  An ironbound preserver (Vaults:5)
  An ironbound thunderhulk (Vaults:2)
  A war gargoyle (Vaults:3)
  A dire elephant (Vaults:3)
  A bennu (Tomb:2)
  A blizzard demon (Pan)
  An eidolon (Crypt:2)
  An ettin (Vaults:5)
  2 yaktaur captains (Vaults:5)
  2 hydras
  A merfolk aquamancer (Shoals:3)
  An alligator snapping turtle (Shoals:4)
  3 naga warriors
  A deep troll (shapeshifter) (Vaults:5)
  A deep troll (Vaults:4)
  6 sea snakes
  An arcanist (D:13)
  A naga ritualist (Snake:2)
  An ironbound convoker (Vaults:3)
  A harpy (Shoals:4)
  A manticore (Shoals:4)
  A salamander (Snake:2)
  A cyclops (D:11)
  A merfolk siren (Shoals:4)
  A black mamba (Snake:2)
  3 naga magi
  4 cane toads
  2 rime drakes
  A yaktaur (Vaults:2)
  3 merfolk (Shoals:4)
  A wind drake (Shoals:4)
  A merfolk (shapeshifter) (Vaults:5)
  2 blink frogs (Lair:5)
  5 water elementals
  A wyvern (Lair:5)
  A yak (D:10)
  A hog (Lair:4)
  4 nagas
  A swamp worm (Lair:4)
  2 water moccasins
  A centaur (D:8)
  A kobold brigand (D:11)
  A wight (D:10)
  A hell rat (Lair:4)
  A mummy (Tomb:2)
  An orc (D:7)
  A butterfly (Lair:3)
86 creatures vanquished.

Vanquished Creatures (others)
  A pandemonium lord (Zig:16)
  An acid blob (Snake:3)
  A deep elf master archer (Zig:13)
  2 eldritch tentacles (Pan)
  3 azure jellies
  A fire giant (Geh:4)
  A shard shrike simulacrum (Coc:2)
  A juggernaut zombie (Depths:3)
  An ironbound preserver (Vaults:1)
  A formless jellyfish (Vaults:1)
  A deep elf annihilator (Pan)
  A merfolk impaler (Shoals:4)
  A yaktaur captain (Vaults:1)
  8 great orbs of eyes
  A peacekeeper (Vaults:4)
  A stoker (Geh:4)
  A two-headed ogre (shapeshifter) (Depths:3)
  A boulder beetle (D:13)
  A shock serpent (Snake:3)
  A naga sharpshooter (Zig:13)
  2 occultists (D:13)
  A sun demon (Pan)
  4 glowing orange brains
  A deep troll (shapeshifter) (Depths:3)
  2 deep trolls (Vaults:1)
  2 sea snakes (Shoals:4)
  3 arcanists
  A glowing orange brain (shapeshifter) (Zig:16)
  2 ironbound convokers
  A deep elf pyromancer (D:13)
  3 steelbarb worms (shapeshifter) (Vaults:5)
  4 glass eyes
  2 ugly things (D:15)
  2 shining eyes (shapeshifter)
  A black mamba (Snake:3)
  A vault sentinel (Vaults:3)
  3 eyes of devastation (Pan)
  A water nymph (shapeshifter) (Vaults:5)
  A naga mage (Snake:3)
  3 smoke demons (Pan)
  An ice devil (Pan)
  2 merfolk (Shoals:4)
  A tarantella (shapeshifter) (Vaults:5)
  12 slime creatures
  A glass eye (shapeshifter) (Vaults:5)
  A jumping spider (shapeshifter) (D:15)
  4 yaks (D:12)
  A neqoxec (Pan)
  A harpy simulacrum (Coc:3)
  A centaur (D:12)
  A boggart (D:14)
  A bullfrog (Vaults:2)
  162 jellies
  A mummy (Tomb:1)
  2 endoplasms
  A quokka (D:4)
  A ball python (D:1)
  A bat (D:1)
  An orc zombie (Ossuary)
  3 ball lightnings (Pan)
  A spectral weapon (Vaults:3)
  2 starspawn tentacles (Abyss:5)
  10 tentacles (Tar:7)
282 creatures vanquished.

Grand Total: 3228 creatures vanquished

Notes
Turn   | Place    | Note
-------+----------+-------------------------------------------
     0 | D:1      | Sapher the Felid Ice Elementalist began the quest for the
                  | Orb.
     0 | D:1      | Reached XP level 1. HP: 9/9 MP: 4/4
    35 | D:1      | Found a faded altar of an unknown god.
    59 | D:2      | Found a shadowy altar of Dithmenos.
    86 | D:2      | Found Qilahiun's Antique Armour Boutique.
   105 | D:3      | Noticed Terence
   120 | D:2      | Reached XP level 2. HP: 11/13 MP: 1/6
   133 | D:2      | Found Paorchaogh's Jewellery Shop.
   191 | D:2      | Reached skill level 3 in Dodging
   320 | D:3      | Reached skill level 1 in Unarmed Combat
   354 | D:3      | Found a runed translucent gate.
   354 | D:3      | Found a runed translucent gate.
   354 | D:3      | Found an opulent altar of Gozag.
   354 | D:3      | Found a runed translucent gate.
   355 | D:3      | Noticed Killmatronix's ghost (weakling TrMo)
   355 | D:3      | Noticed a bullfrog
   371 | D:3      | Noticed a bombardier beetle
   379 | D:3      | Killed a bombardier beetle
   380 | D:3      | Reached XP level 3. HP: 13/16 MP: 2/7
   384 | D:3      | Learned a level 3 spell: Frozen Ramparts
   466 | D:3      | Killed Terence
   467 | D:3      | Reached XP level 4. HP: 9/21 MP: 1/8
   467 | D:3      | Gained a life (2 lives remaining)
   587 | D:3      | Found a glowing drain.
   596 | Sewer    | Entered a sewer
   682 | Sewer    | Reached XP level 5. HP: 19/24 MP: 8/10
   696 | Sewer    | Reached skill level 1 in Shapeshifting
   704 | Sewer    | Reached skill level 4 in Dodging
   765 | Sewer    | Found a viscous altar of Jiyva.
   775 | Sewer    | Became a worshipper of Jiyva Jelono the Shapeless
   807 | D:3      | Learned a level 3 spell: Ozocubu's Armour
   869 | D:5      | Entered Level 5 of the Dungeon
   885 | D:5      | Gained mutation: You are covered in thick fur. (AC +2)
                  | [Felid growth]
   885 | D:5      | Reached XP level 6. HP: 22/28 MP: 5/11
   902 | D:5      | Noticed an ice beast
  1004 | D:5      | Found a sand-covered staircase.
  1120 | Ossuary  | Entered an ossuary
  1177 | Ossuary  | Gained mutation: You are robust. (+10% HP) [potion of
                  | mutation]
  1177 | Ossuary  | Gained mutation: You are partially covered in iridescent
                  | scales. (AC +2) [potion of mutation]
  1252 | Ossuary  | Reached skill level 5 in Stealth
  1282 | Ossuary  | Reached * piety under Jiyva
  1289 | Ossuary  | Learned a level 3 spell: Summon Ice Beast
  1373 | Ossuary  | Reached XP level 7. HP: 35/35 MP: 8/13
  1398 | Ossuary  | Noticed a nameless horror
  1433 | D:5      | Identified a scroll of acquirement
  1433 | D:5      | Acquired 685 gold pieces
  1512 | D:2      | Bought a granite talisman for 660 gold pieces
  1522 | D:2      | You fall into a shaft and drop 2 floors!
  1526 | D:4      | You fall into a shaft and drop 3 floors!
  1537 | D:7      | Noticed a hornet
  1545 | D:7      | Reached skill level 5 in Dodging
  1569 | D:9      | Noticed a troll
  1589 | D:8      | Found a sparkling altar of Nemelex Xobeh.
  1617 | D:8      | Reached skill level 1 in Summonings
  1642 | D:7      | Reached skill level 5 in Ice Magic
  1724 | D:8      | Found a white marble altar of Elyvilon.
  1734 | D:8      | Reached XP level 8. HP: 39/39 MP: 14/14
  1765 | D:9      | Noticed Erolcha
  1776 | D:8      | Reached ** piety under Jiyva
  1832 | D:9      | Noticed a troll
  1847 | D:9      | Killed a troll
  1848 | D:9      | Reached skill level 1 in Evocations
  1855 | D:10     | Entered Level 10 of the Dungeon
  1862 | D:9      | Found a staircase to the Lair.
  1945 | D:10     | Reached skill level 6 in Dodging
  1951 | D:10     | Reached skill level 1 in Fighting
  2004 | D:10     | Reached XP level 9. HP: 44/45 MP: 9/16
  2070 | D:11     | Noticed an unseen horror
  2095 | D:11     | Killed an unseen horror
  2106 | D:11     | Noticed a cyclops
  2132 | D:11     | Noticed a queen bee
  2141 | D:11     | Reached skill level 7 in Dodging
  2143 | D:11     | Reached skill level 5 in Shapeshifting
  2145 | D:11     | Reached skill level 5 in Spellcasting
  2145 | D:11     | Killed a queen bee
  2153 | D:11     | Reached XP level 10. HP: 48/50 MP: 13/18
  2173 | D:11     | Reached *** piety under Jiyva
  2176 | D:11     | Lost mutation: You are robust. (+10% HP) [Jiyva's grace]
  2176 | D:11     | Gained mutation: You have a small jelly attached to you
                  | that senses nearby items. [Jiyva's grace]
  2176 | D:11     | Gained mutation: Your mind is acute. (Int +4, Str/Dex -1)
                  | [Jiyva's grace]
  2176 | D:11     | Gained mutation: Your mind is very acute. (Int +8, Str/Dex
                  | -2) [Jiyva's grace]
  2176 | D:11     | Gained mutation: Your body has grown eyes which may confuse
                  | attackers. (Acc +3) [Jiyva's grace]
  2221 | D:11     | Noticed a boulder beetle
  2272 | D:11     | Killed a cyclops
  2273 | D:11     | Reached skill level 5 in Unarmed Combat
  2363 | D:13     | Killed a deep elf pyromancer
  2411 | D:12     | Noticed Sonja
  2411 | D:12     | Noticed a boulder beetle
  2501 | Lair:1   | Entered Level 1 of the Lair of Beasts
  2513 | Lair:1   | Reached **** piety under Jiyva
  2533 | Lair:1   | Learned a level 5 spell: Freezing Cloud
  2560 | Lair:1   | Noticed a cane toad
  2561 | Lair:1   | Noticed a cane toad
  2570 | Lair:1   | Killed a cane toad
  2571 | Lair:1   | Reached skill level 1 in Conjurations
  2571 | Lair:1   | Reached skill level 1 in Air Magic
  2572 | Lair:1   | Killed a cane toad
  2609 | Lair:2   | Noticed an elephant
  2610 | Lair:2   | Noticed an elephant
  2610 | Lair:2   | Noticed an elephant
  2612 | Lair:2   | Noticed an elephant
  2635 | Lair:3   | Noticed a cane toad
  2642 | Lair:3   | Killed a cane toad
  2648 | Lair:3   | Found a staircase to the Shoals.
  2657 | Lair:3   | Noticed a four-headed hydra
  2670 | Lair:3   | Killed a four-headed hydra
  2675 | Lair:3   | Reached ***** piety under Jiyva
  2707 | Lair:3   | Found a staircase to the Snake Pit.
  2708 | Lair:3   | Noticed a black mamba
  2708 | Lair:3   | Noticed a black mamba
  2714 | Lair:3   | Killed a black mamba
  2716 | Lair:3   | Noticed a black mamba
  2720 | Lair:3   | Killed a black mamba
  2721 | Lair:3   | Reached XP level 11. HP: 49/50 MP: 10/21
  2846 | Lair:3   | Reached skill level 10 in Shapeshifting
  2848 | Lair:3   | Found a frozen archway.
  2862 | IceCv    | Entered an ice cave
  2876 | Lair:4   | Noticed Nessos
  2878 | Lair:4   | Nessos changed into Nessos the cane toad
  2878 | Lair:4   | Noticed Nessos
  2882 | Lair:4   | Killed Nessos the cane toad
  2917 | Lair:4   | Noticed Kirke
  2932 | Lair:4   | Killed Kirke
  2941 | Lair:4   | Lost mutation: Your body has grown eyes which may confuse
                  | attackers. (Acc +3) [Jiyva's grace]
  2941 | Lair:4   | Lost mutation: You have a small jelly attached to you that
                  | senses nearby items. [Jiyva's grace]
  2941 | Lair:4   | Gained mutation: Your spells are a little harder to cast,
                  | but a little more powerful. [Jiyva's grace]
  2941 | Lair:4   | Gained mutation: Your spells are harder to cast, but more
                  | powerful. [Jiyva's grace]
  2941 | Lair:4   | Gained mutation: Your spells are much harder to cast, but
                  | much more powerful. [Jiyva's grace]
  2941 | Lair:4   | Gained mutation: Your muscles are strong. (Str +4, Int/Dex
                  | -1) [Jiyva's grace]
  2992 | Lair:4   | Noticed a seven-headed hydra
  3003 | Lair:4   | Killed a seven-headed hydra
  3004 | Lair:4   | Gained mutation: Your thick and shaggy fur keeps you warm.
                  | (AC +3, rC+) [Felid growth]
  3004 | Lair:4   | Reached XP level 12. HP: 52/54 MP: 18/22
  3053 | Lair:4   | Noticed Rupert
  3073 | Lair:5   | Entered Level 5 of the Lair of Beasts
  3120 | Lair:5   | Found a runed translucent door.
  3120 | Lair:5   | Found a viscous altar of Jiyva.
  3120 | Lair:5   | Found a staircase to the Slime Pits.
  3190 | Lair:5   | iamserjio: got J in dungeon?
  3232 | Lair:5   | Reached ****** piety under Jiyva
  3286 | Slime:1  | Entered Level 1 of the Pits of Slime
  3295 | Slime:2  | Noticed an acid blob
  3295 | Slime:2  | Noticed a rockslime
  3299 | Slime:2  | Noticed an acid blob
  3320 | Slime:5  | Entered Level 5 of the Pits of Slime
  3322 | Slime:5  | Found the +12 glaive of Prune {freeze, Prune}
  3333 | Slime:5  | Got the Discursus on Cryomancy and the Volley
  3335 | Slime:5  | Got A Tutorial on Casting
  3344 | Slime:5  | Noticed an acid blob
  3344 | Slime:5  | Noticed an azure jelly
  3353 | Slime:5  | Noticed an acid blob
  3354 | Slime:5  | Noticed an azure jelly
  3356 | Slime:5  | Noticed an acid blob
  3359 | Slime:5  | Identified the +5 scimitar "Goeloc" {vamp, +Blink rC+}
  3362 | Slime:5  | Identified the ring of the Thistle {rF- EV+5 Str+4 Slay+3}
  3366 | Slime:5  | Noticed an acid blob
  3370 | Slime:5  | Noticed a rockslime
  3386 | Slime:5  | Noticed a rockslime
  3397 | Slime:5  | Got the Elucidation of Weather and Accompaniment
  3399 | Slime:5  | Identified the +8 great mace of the Mushroom {pain, rPois
                  | rCorr Dex+3}
  3401 | Slime:5  | Got a slimy rune of Zot
  3403 | Slime:5  | Got a starry gem with 485 turns to spare
  3407 | Slime:5  | Noticed a great orb of eyes
  3419 | Slime:5  | Noticed a quicksilver ooze
  3430 | Slime:5  | Noticed an acid blob
  3447 | Slime:5  | Noticed an azure jelly
  3455 | Slime:5  | Noticed a quicksilver ooze
  3464 | Slime:3  | Noticed a quicksilver ooze
  3464 | Slime:3  | Noticed an azure jelly
  3465 | Slime:3  | Noticed a quicksilver ooze
  3473 | Slime:3  | Noticed an acid blob
  3509 | Lair:5   | Learned a level 5 spell: Fireball
  3524 | Lair:5   | Noticed a four-headed hydra
  3530 | Lair:5   | Killed a four-headed hydra
  3565 | Lair:5   | Reached skill level 1 in Fire Magic
  3659 | Snake:1  | Entered Level 1 of the Snake Pit
  3670 | Snake:1  | Noticed an anaconda
  3675 | Snake:1  | Killed an anaconda
  3701 | Snake:1  | Found Ofeg's Antique Armour Shop.
  3736 | Snake:2  | Found a transporter.
  3758 | Snake:2  | Found a transporter.
  3764 | Snake:2  | Turgon: The naga sharpshooter shouts!
  3764 | Snake:2  | Turgon: Naga sharpshouter.
  3765 | Snake:2  | Noticed Kenran's ghost (adept SpEE)
  3823 | Snake:1  | Found Policval's General Store.
  3924 | Snake:2  | Reached XP level 13. HP: 51/58 MP: 25/25
  3983 | Snake:2  | Identified the serpent talisman of Behosoant {Str+5}
  3983 | Snake:2  | Noticed Aizul
  3989 | Snake:2  | Killed Aizul
  4051 | Snake:2  | Reached skill level 5 in Conjurations
  4103 | Snake:2  | Reached skill level 5 in Fire Magic
  4132 | Snake:3  | Found a large runed translucent door.
  4132 | Snake:3  | Found a large runed translucent door.
  4134 | Snake:3  | Noticed jazmu's ghost (journeyman DsBe)
  4204 | Snake:3  | Lost mutation: Your spells are much harder to cast, but
                  | much more powerful. [Jiyva's grace]
  4204 | Snake:3  | Gained mutation: You have a small jelly attached to you
                  | that senses nearby items. [Jiyva's grace]
  4204 | Snake:3  | Gained mutation: Your melee attacks may engulf your foes in
                  | ooze. [Jiyva's grace]
  4204 | Snake:3  | Gained mutation: You passively map a small area around you.
                  | [Jiyva's grace]
  4204 | Snake:3  | Gained mutation: You passively map the area around you.
                  | [Jiyva's grace]
  4240 | Snake:3  | Noticed Louise
  4273 | Snake:3  | Slimified Louise
  4273 | Snake:3  | Louise changed into Louise the acid blob
  4273 | Snake:3  | Noticed Louise
  4275 | Snake:3  | Found a glowing golden altar of the Shining One.
  4299 | Snake:4  | Entered Level 4 of the Snake Pit
  4343 | Snake:4  | Reached skill level 8 in Dodging
  4343 | Snake:4  | Reached XP level 14. HP: 66/66 MP: 20/27
  4450 | Snake:4  | Noticed a nagaraja
  4457 | Snake:4  | Killed a nagaraja
  4475 | Snake:4  | Reached skill level 9 in Dodging
  4518 | Snake:4  | Noticed a nagaraja
  4519 | Snake:4  | Reached skill level 15 in Shapeshifting
  4525 | Snake:4  | Killed a nagaraja
  4649 | Snake:4  | Got a jade gem with 924 turns to spare
  4651 | Snake:4  | Got a serpentine rune of Zot
  4803 | Snake:3  | Killed Louise the acid blob
  4834 | Snake:1  | Found Umic's Antique Armour Emporium.
  4881 | Snake:1  | Found Niem's Antique Armour Shop.
  4904 | Snake:1  | Found Gamibo's Jewellery Shop.
  4906 | Snake:1  | Found Plog's Assorted Antiques.
  4908 | Snake:1  | Found Hiciegophi's Weapon Shop.
  4959 | Shoals:1 | Entered Level 1 of the Shoals
  4976 | Shoals:1 | Reached skill level 10 in Dodging
  5036 | Shoals:2 | Reached XP level 15. HP: 70/70 MP: 22/29
  5066 | Shoals:3 | Noticed Donald
  5075 | Shoals:3 | Killed Donald
  5096 | Shoals:4 | Entered Level 4 of the Shoals
  5108 | Shoals:4 | Reached skill level 5 in Fighting
  5108 | Shoals:4 | Reached skill level 11 in Dodging
  5286 | Shoals:4 | Got an azure gem with 1278 turns to spare
  5290 | Shoals:4 | Got a barnacled rune of Zot
  5309 | Shoals:4 | Identified the ring "Gaackis" {rPois Int-2 Dex+4}
  5324 | Shoals:4 | Reached skill level 10 in Spellcasting
  5329 | Shoals:4 | Lost mutation: Your mind is very acute. (Int +8, Str/Dex
                  | -2) [Jiyva's grace]
  5329 | Shoals:4 | Gained mutation: Your translucent skin slightly reduces
                  | your foes' accuracy. (Stealth+) [Jiyva's grace]
  5329 | Shoals:4 | Gained mutation: Your translucent skin reduces your foes'
                  | accuracy. (Stealth+) [Jiyva's grace]
  5329 | Shoals:4 | Gained mutation: Your transparent skin significantly
                  | reduces your foes' accuracy. (Stealth+) [Jiyva's grace]
  5329 | Shoals:4 | Gained mutation: Your rubbery body absorbs attacks. (AC +1,
                  | EV +1) [Jiyva's grace]
  5347 | Shoals:4 | Identified the ring of Cepriap {rF+ rC- rN+ Will+ Slay+2}
  5449 | Shoals:1 | Found Gyfotom's Weapon Emporium.
  5575 | D:12     | Found Davuofi's Book Boutique.
  5575 | D:12     | Found Ginkoirch's Distillery.
  5575 | D:12     | Found Piakec's Magic Scroll Boutique.
  5836 | D:13     | Gained mutation: You occasionally lose the ability to read
                  | scrolls when taking damage. [mutagenic glow]
  5958 | D:14     | Reached XP level 16. HP: 76/76 MP: 14/33
  5969 | D:14     | Identified the +7 halberd "Cutakir" {venom, rPois Dex+5}
  5986 | D:14     | Found a gate to the Vaults.
  5991 | Vaults:1 | Entered Level 1 of the Vaults
  6024 | Vaults:1 | HP: 3/98 [ironbound frostheart (15)]
  6074 | Vaults:1 | Learned a level 6 spell: Plasma Beam
  6164 | Vaults:3 | Reached skill level 5 in Air Magic
  6331 | Vaults:4 | Found a magical portal.
  6340 | WizLab   | Entered Zonguldrok's Shrine
  6390 | Vaults:5 | Entered Level 5 of the Vaults
  6394 | Vaults:5 | Lost mutation: You passively map the area around you.
                  | [Jiyva's grace]
  6394 | Vaults:5 | Lost mutation: Your rubbery body absorbs attacks. (AC +1,
                  | EV +1) [Jiyva's grace]
  6394 | Vaults:5 | Gained mutation: You have acidic saliva. [Jiyva's grace]
  6394 | Vaults:5 | Gained mutation: You possess an exceptional clarity of
                  | mind. [Jiyva's grace]
  6394 | Vaults:5 | Gained mutation: You are agile. (Dex +4, Str/Int -1)
                  | [Jiyva's grace]
  6394 | Vaults:5 | Gained mutation: You are very agile. (Dex +8, Str/Int -2)
                  | [Jiyva's grace]
  6480 | Vaults:5 | Reached skill level 10 in Fire Magic
  6484 | Vaults:5 | Identified the +9 whip "Qinopp" {spect, rPois rF- rC+
                  | Will+}
  6600 | Vaults:5 | Reached XP level 17. HP: 80/80 MP: 7/35
  6631 | Vaults:5 | Noticed a sphinx
  6632 | Vaults:5 | Noticed a golden dragon
  6632 | Vaults:5 | Noticed Boris
  6641 | Vaults:5 | Killed a sphinx
  6641 | Vaults:5 | Killed a golden dragon
  6642 | Vaults:5 | Killed Boris
  6649 | Vaults:5 | Reached skill level 12 in Dodging
  6649 | Vaults:5 | Noticed a tentacled monstrosity
  6649 | Vaults:5 | Identified the ring of Generphir {rPois Str+4}
  6659 | Vaults:5 | Noticed a titan
  6665 | Vaults:5 | Noticed a sphinx
  6666 | Vaults:5 | Killed a tentacled monstrosity
  6674 | Vaults:5 | Killed a titan
  6681 | Vaults:5 | Killed a sphinx
  6778 | Vaults:5 | Got a silver rune of Zot
  6788 | Vaults:5 | Got a shining gem with 2617 turns to spare
  6793 | Vaults:5 | Noticed a titan
  6797 | Vaults:5 | Killed a titan
  6878 | Vaults:3 | Found Noagry's Assorted Antiques.
  6897 | Vaults:3 | Reached skill level 15 in Fire Magic
  6908 | Vaults:3 | Reached XP level 18. HP: 72/86 MP: 28/36
  6924 | Vaults:3 | Found Foumac's Distillery.
  6938 | Vaults:3 | Noticed Mennas
  6951 | Vaults:3 | HP: 2/111 [war gargoyle/+2 flail of holy wrath[a
                  | peacekeeper] (11)]
  6971 | Vaults:3 | Identified the amulet of the Real Monster {RegenMP rCorr}
  6979 | Vaults:3 | Noticed Asterion
  6983 | Vaults:3 | Identified the +2 whip "Eqoageseoh" {vamp, rElec rF+ rC++
                  | rCorr}
  6983 | Vaults:3 | Killed Asterion
  6986 | Vaults:3 | Noticed a lich
  7038 | Vaults:3 | Identified the orb of Delicate Satisfaction {light, Harm
                  | rF+++ Slay+5 Stlth-}
  7038 | Vaults:3 | Noticed Frederick
  7059 | Vaults:3 | Killed a lich
  7078 | Vaults:3 | Slain by Mennas
  7078 | Vaults:3 | Lost a life (1 life remaining)
  7170 | Vaults:3 | Killed Frederick
  7557 | Vaults:2 | Found Nuel's Armour Boutique.
  7563 | Vaults:2 | Found a staircase to the Crypt.
  7630 | Vaults:1 | Reached skill level 15 in Spellcasting
  7871 | D:12     | Bought a book of Spontaneous Combustion for 494 gold pieces
  7880 | D:12     | Learned a level 8 spell: Ignition
  7880 | D:12     | Bought the Codex of Shifting Assaults for 468 gold pieces
  7885 | D:12     | Learned a level 4 spell: Vhi's Electric Charge
  7959 | D:15     | Entered Level 15 of the Dungeon
  7971 | D:15     | Found a blossoming altar of Fedhas.
  8020 | D:15     | Lost mutation: You occasionally lose the ability to read
                  | scrolls when taking damage. [Jiyva's grace]
  8020 | D:15     | Gained mutation: Your body has grown eyes which may confuse
                  | attackers. (Acc +3) [Jiyva's grace]
  8020 | D:15     | Gained mutation: Your body has grown many eyes which may
                  | confuse attackers. (Acc +5) [Jiyva's grace]
  8020 | D:15     | Gained mutation: Your body is covered in eyes which may
                  | confuse attackers. (Acc +7, SInv) [Jiyva's grace]
  8020 | D:15     | Gained mutation: You have a small jelly attached to you
                  | that may absorb projectiles. [Jiyva's grace]
  8145 | D:15     | Got the Parchment of Distorted Malisons
  8163 | D:15     | Found a staircase to the Depths.
  8168 | D:15     | Got a smoky gem with 5643 turns to spare
  8172 | Depths:1 | Entered Level 1 of the Depths
  8190 | Depths:1 | Reached XP level 19. HP: 93/93 MP: 32/39
  8190 | Depths:1 | Gained a life (2 lives remaining)
  8336 | Depths:1 | Learned a level 3 spell: Passwall
  8343 | Depths:1 | Found Jauram's Book Shop.
  8444 | Depths:3 | Noticed Jory
  8446 | Depths:3 | Killed from afar by Jory
  8446 | Depths:3 | Lost a life (1 life remaining)
  8490 | Depths:3 | Killed Jory
  8503 | Depths:4 | Entered Level 4 of the Depths
  8564 | Depths:3 | Found a transporter.
  8565 | Depths:3 | Noticed lugworm's ghost (veteran GnWn)
  8567 | Depths:3 | Identified the amulet of Cahoj {Faith Will+}
  8607 | Depths:3 | Noticed a golden dragon
  8614 | Depths:3 | Killed a golden dragon
  8615 | Depths:3 | Found a gateway to Hell.
  8719 | Depths:2 | Found a one-way gate to the infinite horrors of the Abyss.
  8734 | Depths:2 | Lost mutation: Your muscles are strong. (Str +4, Int/Dex
                  | -1) [Jiyva's grace]
  8734 | Depths:2 | Lost mutation: Your transparent skin significantly reduces
                  | your foes' accuracy. (Stealth+) [Jiyva's grace]
  8734 | Depths:2 | Lost mutation: You have a small jelly attached to you that
                  | senses nearby items. [Jiyva's grace]
  8734 | Depths:2 | Gained mutation: Your flesh is cold resistant. (rC+)
                  | [Jiyva's grace]
  8734 | Depths:2 | Gained mutation: Your flesh is very cold resistant. (rC++)
                  | [Jiyva's grace]
  8734 | Depths:2 | Gained mutation: Your flesh is almost immune to the effects
                  | of cold. (rC+++) [Jiyva's grace]
  8734 | Depths:2 | Gained mutation: You passively map the area around you.
                  | [Jiyva's grace]
  8749 | Depths:2 | Reached XP level 20. HP: 98/98 MP: 9/42
  8749 | Depths:2 | Gained a life (2 lives remaining)
  8894 | Depths:2 | Noticed an ancient lich
  8899 | Depths:2 | Killed an ancient lich
  8914 | Depths:2 | Reached skill level 10 in Ice Magic
  9017 | Depths:1 | Found a white marble altar of Elyvilon.
  9017 | Depths:1 | Found Quut's Hallowed Reliquary.
  9019 | Depths:1 | Found a one-way gateway to a ziggurat.
  9029 | Depths:1 | Found Vikamibb's Magic Scroll Shoppe.
  9081 | Depths:1 | Found the ring of Shadows {Umbra +Inv Stlth+}
  9108 | Depths:1 | Identified the serpent talisman "Eforisse" {rF+ rCorr
                  | Dex+4}
  9184 | Depths:1 | Bought a book of Ice for 750 gold pieces
  9194 | Depths:1 | Learned a level 9 spell: Polar Vortex
  9449 | Crypt:1  | Entered Level 1 of the Crypt
  9535 | Crypt:1  | Found an ancient bone altar of Kikubaaqudgha.
  9554 | Crypt:2  | Noticed Zenata
  9564 | Crypt:2  | Killed Zenata
  9680 | Crypt:3  | Entered Level 3 of the Crypt
  9773 | Crypt:3  | Found a staircase to the Tomb.
  9780 | Tomb:1   | Entered Level 1 of the Tomb of the Ancients
  9805 | Tomb:1   | Lost mutation: Your flesh is almost immune to the effects
                  | of cold. (rC+++) [Jiyva's grace]
  9805 | Tomb:1   | Lost mutation: You passively map the area around you.
                  | [Jiyva's grace]
  9805 | Tomb:1   | Lost mutation: Your spells are harder to cast, but more
                  | powerful. [Jiyva's grace]
  9805 | Tomb:1   | Lost mutation: Your spells are a little harder to cast, but
                  | a little more powerful. [Jiyva's grace]
  9805 | Tomb:1   | Lost mutation: You have acidic saliva. [Jiyva's grace]
  9805 | Tomb:1   | Lost mutation: Your translucent skin reduces your foes'
                  | accuracy. (Stealth+) [Jiyva's grace]
  9805 | Tomb:1   | Lost mutation: You have a small jelly attached to you that
                  | may absorb projectiles. [Jiyva's grace]
  9805 | Tomb:1   | Lost mutation: Your melee attacks may engulf your foes in
                  | ooze. [Jiyva's grace]
  9805 | Tomb:1   | Gained mutation: Your translucent skin reduces your foes'
                  | accuracy. (Stealth+) [Jiyva's grace]
  9805 | Tomb:1   | Gained mutation: Your transparent skin significantly
                  | reduces your foes' accuracy. (Stealth+) [Jiyva's grace]
  9805 | Tomb:1   | Gained mutation: You have acidic saliva. [Jiyva's grace]
  9805 | Tomb:1   | Gained mutation: Your system is resistant to poisons.
                  | (rPois) [Jiyva's grace]
  9854 | Tomb:1   | Reached XP level 21. HP: 100/102 MP: 20/43
  9904 | Tomb:1   | Noticed a royal mummy
  9910 | Tomb:1   | Killed a royal mummy
  9927 | Tomb:1   | Noticed a royal mummy
  9938 | Tomb:1   | Killed a royal mummy
  9940 | Tomb:1   | Noticed a royal mummy
  9945 | Tomb:1   | Killed a royal mummy
 10005 | Tomb:2   | Reached skill level 15 in Ice Magic
 10006 | Tomb:2   | Noticed a royal mummy
 10007 | Tomb:2   | Noticed a royal mummy
 10007 | Tomb:2   | Noticed a royal mummy
 10007 | Tomb:2   | Noticed a royal mummy
 10014 | Tomb:2   | Killed a royal mummy
 10015 | Tomb:2   | Killed a royal mummy
 10015 | Tomb:2   | Killed a royal mummy
 10017 | Tomb:2   | Killed a royal mummy
 10102 | Tomb:2   | Learned a level 5 spell: Irradiate
 10104 | Tomb:3   | Entered Level 3 of the Tomb of the Ancients
 10116 | Tomb:3   | Noticed a royal mummy
 10118 | Tomb:3   | Noticed a royal mummy
 10123 | Tomb:3   | Killed a royal mummy
 10125 | Tomb:3   | Noticed a royal mummy
 10127 | Tomb:3   | Noticed a royal mummy
 10127 | Tomb:3   | HP: 7/153 [bennu (13)]
 10128 | Tomb:3   | Killed a royal mummy
 10128 | Tomb:3   | Engulfed by a cloud of foul pestilence
 10128 | Tomb:3   | Lost a life (1 life remaining)
 10150 | Tomb:3   | Killed a royal mummy
 10160 | Tomb:3   | Killed a royal mummy
 10172 | Tomb:3   | Slain by a bennu
 10172 | Tomb:3   | Lost a life (0 lives remaining)
 10174 | Tomb:3   | Goblin1989: 0 lives
 10246 | Tomb:3   | Got the Incunable of Fumes
 10249 | Zig:1    | Entered Level 1 of a ziggurat
 10260 | Zig:2    | Entered Level 2 of a ziggurat
 10286 | Zig:3    | Entered Level 3 of a ziggurat
 10301 | Zig:4    | Entered Level 4 of a ziggurat
 10316 | Zig:5    | Entered Level 5 of a ziggurat
 10318 | Zig:5    | Noticed a dread lich
 10327 | Zig:5    | Killed a dread lich
 10346 | Zig:6    | Entered Level 6 of a ziggurat
 10361 | Zig:6    | Identified the amulet "Olyfott" {Acrobat rN+ rCorr SInv}
 10363 | Zig:7    | Entered Level 7 of a ziggurat
 10369 | Zig:7    | Noticed a caustic shrike
 10373 | Zig:7    | Noticed a caustic shrike
 10377 | Zig:7    | Killed a caustic shrike
 10378 | Zig:7    | Reached XP level 22. HP: 102/107 MP: 29/44
 10378 | Zig:7    | Gained a life (1 life remaining)
 10378 | Zig:7    | Killed a caustic shrike
 10378 | Zig:7    | Was placed under penance by Jiyva
 10391 | Zig:7    | Identified the amulet "Heint" {+Inv rElec Regen+ rCorr
                  | Str-3}
 10404 | Zig:7    | Gained mutation: Potions are less effective at restoring
                  | your health. [mutagenic glow]
 10421 | Zig:8    | Entered Level 8 of a ziggurat
 10458 | Zig:8    | Got the Anthology of Open Graves
 10548 | Zig:9    | Entered Level 9 of a ziggurat
 10562 | Zig:9    | Reached skill level 1 in Alchemy
 10562 | Zig:9    | HP: 1/139 [searing wretch (11)]
 10563 | Zig:9    | Incinerated by a balrug
 10563 | Zig:9    | Lost a life (0 lives remaining)
 10587 | Zig:9    | Identified the ring of Zifev {rElec rF+ Str+4 Dex+2}
 10591 | Zig:9    | Got the Thoughts on Brilliant Air
 10603 | Zig:9    | Got Afedueko's Vellum of the Energetic Lithosphere
 10609 | Zig:10   | Entered Level 10 of a ziggurat
 10623 | Zig:10   | Reached skill level 13 in Dodging
 10634 | Zig:10   | Identified the granite talisman of Puug Sups {Fly rF++ SInv
                  | Stlth-}
 10673 | Zig:11   | Entered Level 11 of a ziggurat
 10683 | Zig:11   | Noticed a royal mummy
 10692 | Zig:11   | Killed a royal mummy
 10693 | Zig:11   | Was forgiven by Jiyva
 10698 | Zig:11   | Reached skill level 14 in Dodging
 10704 | Zig:11   | Found the ring of the Tortoise {AC+8}
 10725 | Zig:11   | Learned a level 4 spell: Passage of Golubria
 10727 | Zig:12   | Entered Level 12 of a ziggurat
 10751 | Zig:12   | Reached XP level 23. HP: 111/111 MP: 34/45
 10751 | Zig:12   | Gained a life (1 life remaining)
 10754 | Zig:12   | Reached XP level 24. HP: 115/115 MP: 32/45
 10754 | Zig:12   | Gained a life (2 lives remaining)
 10757 | Zig:12   | Reached XP level 25. HP: 119/119 MP: 39/45
 10764 | Zig:13   | Entered Level 13 of a ziggurat
 10775 | Zig:13   | Reached skill level 15 in Dodging
 10779 | Zig:13   | Killed from afar by a quicksilver elemental
 10779 | Zig:13   | Lost a life (1 life remaining)
 10785 | Zig:13   | Identified the ring "Oguohu Jyss" {Ice ^Contam Fly Dex+3}
 10787 | Zig:13   | Identified the ring of Ilopp {Str+6 Int+6}
 10792 | Zig:14   | Entered Level 14 of a ziggurat
 10800 | Zig:14   | Noticed an ancient lich
 10804 | Zig:14   | Reached skill level 16 in Dodging
 10806 | Zig:14   | Killed an ancient lich
 10815 | Zig:14   | Reached skill level 17 in Dodging
 10815 | Zig:14   | Reached XP level 26. HP: 123/123 MP: 28/45
 10815 | Zig:14   | Gained a life (2 lives remaining)
 10817 | Zig:15   | Entered Level 15 of a ziggurat
 10853 | Zig:15   | Got the Commentary on Displaced Decomposition
 10863 | Zig:16   | Entered Level 16 of a ziggurat
 10873 | Zig:16   | Noticed Duniarru the pandemonium lord
 10873 | Zig:16   | Noticed Ekley the pandemonium lord
 10878 | Zig:16   | Noticed Mogecic the pandemonium lord
 10881 | Zig:16   | Reached skill level 18 in Dodging
 10881 | Zig:16   | Killed Mogecic the pandemonium lord
 10882 | Zig:16   | Was placed under penance by Jiyva
 10882 | Zig:16   | Noticed Cink the pandemonium lord
 10882 | Abyss:5  | Cast into level 5 of the Abyss (Ekley)
 10895 | Zig:16   | Escaped the Abyss
 10895 | Zig:16   | Noticed Dyusef the pandemonium lord
 10898 | Zig:16   | Reached skill level 19 in Dodging
 10898 | Zig:16   | Killed Cink the pandemonium lord
 10898 | Zig:16   | Killed Dyusef the pandemonium lord
 10899 | Zig:16   | Reached skill level 20 in Dodging
 10899 | Zig:16   | Reached XP level 27. HP: 128/128 MP: 29/45
 10899 | Zig:16   | Noticed Panamygur the pandemonium lord
 10904 | Zig:16   | Killed Ekley the pandemonium lord
 10904 | Zig:16   | Killed from afar by Duniarru the pandemonium lord
 10904 | Zig:16   | Lost a life (1 life remaining)
 10905 | Zig:16   | Identified the ring of the Lusting Gods {rF+ Int+5}
 10907 | Zig:16   | Identified the staff "Kuloaxyu" {rPois rF+ rN+ Will-
                  | Alchemy}
 10911 | Zig:16   | Identified the +6 spear "Byheboi" {spect, Str+5 Dex+2}
 10912 | Zig:16   | Identified the ring "Otwu" {Will+ Dex+2}
 10917 | Zig:17   | Entered Level 17 of a ziggurat
 10931 | Zig:17   | Found the ring of the Hare {EV+10}
 10950 | Zig:17   | Identified the +9 war axe of the Sky {flame, rPois rCorr
                  | Dex-4}
 10960 | Zig:17   | Identified the +1 robe of an ice cave {rPois rC- rN+++
                  | Dex-3}
 10983 | Tomb:3   | Noticed a royal mummy
 10985 | Tomb:3   | Killed a royal mummy
 11013 | Tomb:3   | Noticed Khufu
 11023 | Tomb:3   | Killed Khufu
 11024 | Tomb:3   | Reached skill level 5 in Earth Magic
 11025 | Tomb:3   | Noticed a royal mummy
 11027 | Tomb:3   | Noticed a royal mummy
 11032 | Tomb:3   | Killed a royal mummy
 11044 | Tomb:3   | Noticed a royal mummy
 11089 | Tomb:3   | Killed a royal mummy
 11099 | Tomb:3   | Killed a royal mummy
 11122 | Tomb:3   | Got a sanguine gem with 902 turns to spare
 11124 | Tomb:3   | Got a golden rune of Zot
 11280 | Tomb:1   | Sapher: she hates me so much..
 11347 | Crypt:2  | iamserjio: if its trunk complain to devs about wrath more
                  | and wait for change :3
 11437 | Zig:1    | Entered Level 1 of a ziggurat
 11458 | Zig:2    | Entered Level 2 of a ziggurat
 11476 | Zig:2    | Sapher: 0.31
 11476 | Zig:2    | Sapher: super annoying
 11477 | Zig:3    | Entered Level 3 of a ziggurat
 11480 | Zig:3    | Noticed Hanetaiz the pandemonium lord
 11492 | Zig:3    | Killed Hanetaiz the pandemonium lord
 11516 | Zig:4    | Entered Level 4 of a ziggurat
 11519 | Zig:4    | Noticed Hohaph the pandemonium lord
 11526 | Zig:4    | Killed Hohaph the pandemonium lord
 11527 | Zig:4    | Reached skill level 10 in Earth Magic
 11531 | Zig:4    | Acquired 1230 gold pieces
 11533 | Zig:4    | Identified the +5 flail of Exquisite Torment {protect,
                  | Int+8 Dex-4 Stlth+}
 11542 | Zig:4    | Sapher: like seriously what did i kill trj or smth
 11559 | Zig:5    | Entered Level 5 of a ziggurat
 11576 | Zig:5    | iamserjio: я томб 3 делал с ее гневом, но и там же он
                  | прекратился
 11598 | Zig:6    | Entered Level 6 of a ziggurat
 11644 | Zig:7    | Entered Level 7 of a ziggurat
 11667 | Zig:7    | Sapher: да это хрень полнейшая
 11667 | Zig:7    | Sapher: типа что это блядь такое
 11667 | Zig:7    | Sapher: сама на ровном месте гнев активирует когда
                  | вздумается
 11667 | Zig:7    | Sapher: и потом еще хрен знает сколько ходов ждать регена
 11667 | Zig:7    | Sapher: типа вот я кастанул вортекс и бац из меня слизь
                  | вылезла и сдохла
 11667 | Zig:7    | Sapher: что это за говнище
 11668 | Zig:8    | Entered Level 8 of a ziggurat
 11668 | Zig:8    | Was forgiven by Jiyva
 11673 | Zig:8    | Noticed an orb of fire
 11674 | Zig:8    | Gained mutation: You are weak. (Str -2) [an orb of fire]
 11675 | Zig:8    | Noticed an orb of fire
 11679 | Zig:9    | Entered Level 9 of a ziggurat
 11712 | Zig:9    | Identified the amulet "Gougah" {RegenMP rPois Int+3}
 11730 | Zig:10   | Entered Level 10 of a ziggurat
 11750 | Zig:10   | Identified the amulet "Adgheacu" {Faith rPois SInv}
 11757 | Zig:10   | Identified the amulet "Kuon" {RegenMP Stlth+}
 11765 | Zig:11   | Entered Level 11 of a ziggurat
 11780 | Zig:11   | Got the Almanac of the Contaminated Lithosphere
 11782 | Zig:11   | Identified the ring "Nonnyet" {rC+ rN+ MP+9 Dex+5}
 11791 | Zig:11   | Got Hoysmobe's Compilation of the Atmosphere and Momentum
 11800 | Zig:12   | Entered Level 12 of a ziggurat
 11800 | Zig:12   | Lost mutation: Your mind is acute. (Int +4, Str/Dex -1)
                  | [Jiyva's grace]
 11800 | Zig:12   | Lost mutation: You passively map a small area around you.
                  | [Jiyva's grace]
 11800 | Zig:12   | Lost mutation: You are weak. (Str -2) [Jiyva's grace]
 11800 | Zig:12   | Lost mutation: Your body is covered in eyes which may
                  | confuse attackers. (Acc +7, SInv) [Jiyva's grace]
 11800 | Zig:12   | Lost mutation: Your transparent skin significantly reduces
                  | your foes' accuracy. (Stealth+) [Jiyva's grace]
 11800 | Zig:12   | Lost mutation: Potions are less effective at restoring your
                  | health. [Jiyva's grace]
 11800 | Zig:12   | Gained mutation: Your flesh is almost immune to the effects
                  | of cold. (rC+++) [Jiyva's grace]
 11800 | Zig:12   | Gained mutation: You have a small jelly attached to you
                  | that senses nearby items. [Jiyva's grace]
 11800 | Zig:12   | Gained mutation: You are covered in slimy tendrils that may
                  | disarm your opponents. [Jiyva's grace]
 11800 | Zig:12   | Gained mutation: You expend magic power (3 MP) to
                  | strengthen your wands. [Jiyva's grace]
 11807 | Zig:12   | Gained a life (2 lives remaining)
 11817 | Zig:13   | Entered Level 13 of a ziggurat
 11833 | Zig:13   | Identified the ring of Foos {Fire rN+ rCorr Str-3}
 11848 | Zig:14   | Entered Level 14 of a ziggurat
 11857 | Zig:14   | Found the +3 giant club "Skullcrusher" {speed, Str+7}
 11859 | Zig:14   | Reached skill level 15 in Earth Magic
 11877 | Zig:15   | Entered Level 15 of a ziggurat
 11907 | Zig:16   | Entered Level 16 of a ziggurat
 11922 | Zig:16   | Found the brooch of Shielding {Spirit SH+8}
 11925 | Zig:16   | Reached skill level 21 in Dodging
 11928 | Zig:16   | Reached skill level 22 in Dodging
 11945 | Zig:16   | Identified the +8 hand axe of a sewer {flame, rElec rF-
                  | Will+}
 11951 | Zig:17   | Entered Level 17 of a ziggurat
 11965 | Zig:17   | Found the +5 glaive of the Guard {elec, spectral}
 11977 | Zig:17   | Identified the staff "Dearr" {Str+2 Int+5 Conj Necro}
 11998 | Depths:1 | Bought 2 scrolls of teleportation for 60 gold pieces
 12004 | Depths:1 | Bought a book of Annihilations for 900 gold pieces
 12030 | Depths:2 | Learned a level 9 spell: Shatter
 12039 | Depths:2 | Found a one-way gate leading to the halls of Pandemonium.
 12040 | Pan      | Entered Pandemonium
 12059 | Pan      | Noticed Fiusaf the pandemonium lord
 12062 | Pan      | Killed Fiusaf the pandemonium lord
 12079 | Pan      | Noticed Gabrusymik the pandemonium lord
 12086 | Pan      | Sapher: this is the moment why i hate jivya
 12086 | Pan      | Sapher: this fkng slime came out out nowhere
 12086 | Pan      | Sapher: and now it will be wraith
 12086 | Pan      | Was placed under penance by Jiyva
 12090 | Pan      | Killed Gabrusymik the pandemonium lord
 12137 | Pan      | Lost mutation: Your body has grown many eyes which may
                  | confuse attackers. (Acc +5) [the all-consuming vengeance of
                  | Jiyva]
 12171 | Pan      | Was forgiven by Jiyva
 12190 | Pan      | Lost mutation: Your system is resistant to poisons. (rPois)
                  | [mutagenic glow]
 12191 | Pan      | Found a glowing golden altar of the Shining One.
 12193 | Pan      | Noticed a seraph
 12195 | Pan      | Got a demonic rune of Zot
 12203 | Pan      | Killed a seraph
 12232 | Pan      | Noticed Waufotuc the pandemonium lord
 12238 | Pan      | Killed Waufotuc the pandemonium lord
 12247 | Pan      | Lost mutation: Your translucent skin reduces your foes'
                  | accuracy. (Stealth+) [a cacodemon]
 12248 | Pan      | Lost mutation: You are very agile. (Dex +8, Str/Int -2) [a
                  | cacodemon]
 12249 | Pan      | Lost mutation: You possess an exceptional clarity of mind.
                  | [mutagenic glow]
 12270 | Pan      | Gained mutation: You are dopey. (Int -2) [a cacodemon]
 12318 | Pan      | Lost mutation: You are partially covered in iridescent
                  | scales. (AC +2) [Jiyva's grace]
 12318 | Pan      | Lost mutation: Your flesh is almost immune to the effects
                  | of cold. (rC+++) [Jiyva's grace]
 12318 | Pan      | Lost mutation: Your body has grown eyes which may confuse
                  | attackers. (Acc +3) [Jiyva's grace]
 12318 | Pan      | Gained mutation: Your spells are a little harder to cast,
                  | but a little more powerful. [Jiyva's grace]
 12318 | Pan      | Gained mutation: Your spells are harder to cast, but more
                  | powerful. [Jiyva's grace]
 12318 | Pan      | Gained mutation: Your spells are much harder to cast, but
                  | much more powerful. [Jiyva's grace]
 12318 | Pan      | Gained mutation: Your flesh is almost immune to the effects
                  | of cold. (rC+++) [Jiyva's grace]
 12330 | Pan      | Entered the realm of Mnoleg.
 12331 | Pan      | Lost mutation: You are agile. (Dex +4, Str/Int -1) [potion
                  | of mutation]
 12331 | Pan      | Lost mutation: You have acidic saliva. [potion of mutation]
 12331 | Pan      | Lost mutation: You expend magic power (3 MP) to strengthen
                  | your wands. [potion of mutation]
 12331 | Pan      | Gained mutation: You are agile. (Dex +4, Str/Int -1)
                  | [potion of mutation]
 12331 | Pan      | Gained mutation: You are weak. (Str -2) [potion of
                  | mutation]
 12331 | Pan      | Gained mutation: Your body sometimes deteriorates upon
                  | taking damage. [potion of mutation]
 12331 | Pan      | Lost mutation: You are weak. (Str -2) [potion of mutation]
 12332 | Pan      | Lost mutation: Your body sometimes deteriorates upon taking
                  | damage. [potion of mutation]
 12332 | Pan      | Lost mutation: Your spells are much harder to cast, but
                  | much more powerful. [potion of mutation]
 12332 | Pan      | Lost mutation: You are agile. (Dex +4, Str/Int -1) [potion
                  | of mutation]
 12332 | Pan      | Gained mutation: Your system is resistant to poisons.
                  | (rPois) [potion of mutation]
 12332 | Pan      | Gained mutation: You are agile. (Dex +4, Str/Int -1)
                  | [potion of mutation]
 12333 | Pan      | Lost mutation: Your flesh is almost immune to the effects
                  | of cold. (rC+++) [potion of mutation]
 12333 | Pan      | Lost mutation: You are agile. (Dex +4, Str/Int -1) [potion
                  | of mutation]
 12333 | Pan      | Lost mutation: Your flesh is very cold resistant. (rC++)
                  | [potion of mutation]
 12333 | Pan      | Gained mutation: Your spells are much harder to cast, but
                  | much more powerful. [potion of mutation]
 12334 | Pan      | Lost mutation: You have a small jelly attached to you that
                  | senses nearby items. [potion of mutation]
 12334 | Pan      | Lost mutation: Your spells are much harder to cast, but
                  | much more powerful. [potion of mutation]
 12334 | Pan      | Lost mutation: Your translucent skin slightly reduces your
                  | foes' accuracy. (Stealth+) [potion of mutation]
 12334 | Pan      | Gained mutation: You have hidden genetic defects. [potion
                  | of mutation]
 12335 | Pan      | Lost mutation: Your spells are harder to cast, but more
                  | powerful. [potion of mutation]
 12335 | Pan      | Lost mutation: Your flesh is cold resistant. (rC+) [potion
                  | of mutation]
 12335 | Pan      | Lost mutation: Your system is resistant to poisons. (rPois)
                  | [potion of mutation]
 12335 | Pan      | Gained mutation: You are robust. (+10% HP) [potion of
                  | mutation]
 12374 | Pan      | Gained mutation: You are agile. (Dex +4, Str/Int -1) [a
                  | neqoxec]
 12395 | Pan      | Gained mutation: You occasionally lose the ability to read
                  | scrolls when taking damage. [mutagenic glow]
 12397 | Pan      | Gained mutation: Your health recovers twice as slowly from
                  | being drained. [a neqoxec]
 12442 | Pan      | Noticed Mnoleg
 12466 | Pan      | Killed Mnoleg
 12494 | Pan      | Got a glowing rune of Zot
 12657 | Pan      | Lost mutation: Your health recovers twice as slowly from
                  | being drained. [a cacodemon]
 12668 | Pan      | Gained mutation: You have terrible hidden genetic defects.
                  | [hidden defects]
 12670 | Pan      | Found an exit through the horrors of the Abyss.
 12711 | Depths:2 | Escaped Pandemonium
 12713 | Pan      | Entered the realm of Cerebov.
 12713 | Pan      | Entered Pandemonium
 12745 | Pan      | Found the +6 sword of Cerebov {flame}
 12745 | Pan      | Noticed Cerebov
 12757 | Pan      | Got a fiery rune of Zot
 12794 | Pan      | Noticed Tupp the pandemonium lord
 12800 | Pan      | Killed Tupp the pandemonium lord
 12893 | Pan      | Found an exit through the horrors of the Abyss.
 12904 | Pan      | Noticed Tirell the pandemonium lord
 12911 | Pan      | Killed Tirell the pandemonium lord
 12925 | Pan      | Gained mutation: You occasionally lose the ability to drink
                  | potions when taking damage. [hidden defects]
 12925 | Pan      | Lost mutation: You have terrible hidden genetic defects.
                  | [hidden defects expressed]
 12953 | Pan      | Lost mutation: You are agile. (Dex +4, Str/Int -1) [Jiyva's
                  | grace]
 12953 | Pan      | Lost mutation: You are dopey. (Int -2) [Jiyva's grace]
 12953 | Pan      | Lost mutation: You are covered in slimy tendrils that may
                  | disarm your opponents. [Jiyva's grace]
 12953 | Pan      | Lost mutation: You occasionally lose the ability to drink
                  | potions when taking damage. [Jiyva's grace]
 12953 | Pan      | Lost mutation: You occasionally lose the ability to read
                  | scrolls when taking damage. [Jiyva's grace]
 12953 | Pan      | Lost mutation: You have hidden genetic defects. [Jiyva's
                  | grace]
 12953 | Pan      | Gained mutation: You are partially covered in large bone
                  | plates. (SH +4) [Jiyva's grace]
 12953 | Pan      | Gained mutation: You are mostly covered in large bone
                  | plates. (SH +6) [Jiyva's grace]
 12953 | Pan      | Gained mutation: You are completely covered in large bone
                  | plates. (SH +8) [Jiyva's grace]
 12953 | Pan      | Gained mutation: You have hidden genetic potential.
                  | [Jiyva's grace]
 12955 | Pan      | Found an exit through the horrors of the Abyss.
 12970 | Pan      | Noticed Dyedeq the pandemonium lord
 12976 | Pan      | Killed Dyedeq the pandemonium lord
 12983 | Pan      | Entered the realm of Gloorx Vloq.
 13053 | Pan      | Noticed Gloorx Vloq
 13057 | Pan      | Killed Gloorx Vloq
 13064 | Pan      | Got a dark rune of Zot
 13163 | Pan      | Noticed Pijownam the pandemonium lord
 13171 | Pan      | Killed Pijownam the pandemonium lord
 13203 | Pan      | Entered the realm of Lom Lobon.
 13217 | Pan      | Learned a level 2 spell: Blink
 13243 | Pan      | Was placed under penance by Jiyva
 13244 | Pan      | Noticed Lom Lobon
 13253 | Pan      | Got a magical rune of Zot
 13262 | Pan      | Was forgiven by Jiyva
 13273 | Pan      | Found an exit through the horrors of the Abyss.
 13281 | Pan      | Took an exit into the Abyss.
 13281 | Abyss:5  | Escaped into the Abyss
 13292 | Abyss:5  | Found a corrupted altar of Lugonu.
 13311 | Abyss:5  | Found a glowing golden altar of the Shining One.
 13319 | Abyss:5  | Noticed a juggernaut
 13322 | Abyss:5  | Killed a juggernaut
 13326 | Abyss:5  | Gained mutation: Your mind is acute. (Int +4, Str/Dex -1)
                  | [Jiyva's grace]
 13326 | Abyss:5  | Gained mutation: Your mind is very acute. (Int +8, Str/Dex
                  | -2) [Jiyva's grace]
 13326 | Abyss:5  | Gained mutation: Your rubbery body absorbs attacks. (AC +1,
                  | EV +1) [Jiyva's grace]
 13326 | Abyss:5  | Gained mutation: Your pliable body absorbs attacks. (AC +2,
                  | EV +2) [Jiyva's grace]
 13330 | Abyss:5  | Got an abyssal rune of Zot
 13342 | Abyss:5  | Found a basalt altar of Yredelemnul.
 13360 | Abyss:5  | Reached skill level 23 in Dodging
 13369 | Abyss:5  | Found a corrupted altar of Lugonu.
 13375 | Depths:2 | Escaped the Abyss
 13407 | Hell     | Entered the Vestibule of Hell
 13409 | Hell     | Noticed Geryon
 13417 | Hell     | Killed Geryon
 13421 | Hell     | Reached skill level 10 in Stealth
 13453 | Hell     | Found a gateway to the Iron City of Dis.
 13463 | Dis:1    | Entered Level 1 of the Iron City of Dis
 13583 | Dis:3    | Gained mutation: Your magical capacity is low. (-10% MP)
                  | [mutagenic glow]
 13615 | Dis:3    | Gained mutation: You are very robust. (+20% HP) [hidden
                  | potential]
 13629 | Dis:3    | Reached skill level 24 in Dodging
 13749 | Dis:6    | Reached skill level 10 in Fighting
 13802 | Dis:7    | Entered Level 7 of the Iron City of Dis
 13913 | Dis:7    | Reached skill level 25 in Dodging
 14059 | Dis:7    | Gained mutation: You occasionally lose the ability to read
                  | scrolls when taking damage. [a cacodemon]
 14078 | Dis:7    | Noticed Dispater
 14088 | Dis:7    | Killed Dispater
 14095 | Dis:7    | Lost mutation: You are completely covered in large bone
                  | plates. (SH +8) [Jiyva's grace]
 14095 | Dis:7    | Gained mutation: You are strong-willed. (Will+) [Jiyva's
                  | grace]
 14095 | Dis:7    | Gained mutation: You are highly strong-willed. (Will++)
                  | [Jiyva's grace]
 14095 | Dis:7    | Gained mutation: You are extremely strong-willed. (Will+++)
                  | [Jiyva's grace]
 14095 | Dis:7    | Gained mutation: You expend magic power (3 MP) to
                  | strengthen your wands. [Jiyva's grace]
 14099 | Dis:7    | Got an iron rune of Zot
 14148 | Hell     | Found a gateway to the ashen valley of Gehenna.
 14161 | Hell     | Learned a level 8 spell: Lehudib's Crystal Spear
 14168 | Hell     | Learned a level 5 spell: Borgnjor's Vile Clutch
 14169 | Geh:1    | Entered Level 1 of Gehenna
 14177 | Geh:1    | Gained mutation: You are agile. (Dex +4, Str/Int -1)
                  | [hidden potential]
 14177 | Geh:1    | Lost mutation: You have hidden genetic potential. [hidden
                  | potential expressed]
 14205 | Geh:1    | You are sucked into a shaft and drop 1 floor!
 14367 | Geh:6    | Found an ancient bone altar of Kikubaaqudgha.
 14380 | Geh:7    | Entered Level 7 of Gehenna
 14419 | Geh:7    | Reached skill level 10 in Conjurations
 14522 | Geh:7    | Noticed the Serpent of Hell
 14527 | Geh:7    | Killed the Serpent of Hell
 14550 | Geh:7    | Found the +13 sceptre of Asmodeus
 14550 | Geh:7    | Noticed Asmodeus
 14563 | Geh:7    | Killed Asmodeus
 14578 | Geh:7    | Got an obsidian rune of Zot
 14617 | Hell     | Reached skill level 5 in Evocations
 14619 | Hell     | Found a gateway to the decaying netherworld of Tartarus.
 14626 | Tar:1    | Entered Level 1 of Tartarus
 14718 | Tar:3    | Reached skill level 10 in Evocations
 14769 | Tar:4    | Lost mutation: You are extremely strong-willed. (Will+++)
                  | [Jiyva's grace]
 14769 | Tar:4    | Lost mutation: You are very robust. (+20% HP) [Jiyva's
                  | grace]
 14769 | Tar:4    | Lost mutation: Your spells are a little harder to cast, but
                  | a little more powerful. [Jiyva's grace]
 14769 | Tar:4    | Lost mutation: You expend magic power (3 MP) to strengthen
                  | your wands. [Jiyva's grace]
 14769 | Tar:4    | Gained mutation: Your system is resistant to poisons.
                  | (rPois) [Jiyva's grace]
 14769 | Tar:4    | Gained mutation: Your melee attacks may engulf your foes in
                  | ooze. [Jiyva's grace]
 14769 | Tar:4    | Gained mutation: You possess an exceptional clarity of
                  | mind. [Jiyva's grace]
 14769 | Tar:4    | Gained mutation: You have a small jelly attached to you
                  | that senses nearby items. [Jiyva's grace]
 14880 | Tar:5    | Reached skill level 26 in Dodging
 14920 | Tar:6    | Reached skill level 15 in Fighting
 14948 | Tar:7    | Entered Level 7 of Tartarus
 15006 | Tar:7    | Noticed a dread lich
 15027 | Tar:7    | Killed a dread lich
 15043 | Tar:7    | Reached skill level 27 in Dodging
 15057 | Tar:7    | Found the +8 whip "Snakebite" {venom, curare, rPois}
 15191 | Tar:7    | Noticed Ereshkigal
 15199 | Tar:7    | Killed Ereshkigal
 15211 | Tar:7    | Got a bone rune of Zot
 15212 | Tar:7    | Identified the staff "Urreix" {rElec rN+ Necro}
 15215 | Tar:7    | Identified the ring of Rijy {Fly Will+ MP+9 Dex+4}
 15216 | Tar:7    | Identified the ring of Benefonk {Fly MP+9 Dex+3}
 15255 | Hell     | Found a gateway to the freezing wastes of Cocytus.
 15260 | Coc:1    | Entered Level 1 of Cocytus
 15291 | Coc:3    | Noticed an ancient lich
 15292 | Coc:3    | Killed an ancient lich
 15385 | Coc:6    | Noticed a juggernaut
 15389 | Coc:6    | Killed a juggernaut
 15393 | Coc:6    | Noticed a juggernaut
 15394 | Coc:6    | Noticed a juggernaut
 15397 | Coc:6    | Killed a juggernaut
 15397 | Coc:6    | Killed a juggernaut
 15402 | Coc:6    | Noticed a juggernaut
 15406 | Coc:6    | Killed a juggernaut
 15407 | Coc:6    | Noticed a juggernaut
 15416 | Coc:6    | Killed a juggernaut
 15417 | Coc:6    | Noticed a juggernaut
 15422 | Coc:6    | Killed a juggernaut
 15438 | Coc:7    | Entered Level 7 of Cocytus
 15522 | Coc:7    | Identified the amulet of Lano Tops {Reflect Harm Int+6
                  | Slay-5 SH+5}
 15523 | Coc:7    | Identified the amulet "Yshidweu" {RegenMP Int+3 Dex+2}
 15626 | Coc:7    | Noticed Antaeus
 15641 | Coc:7    | Got an icy rune of Zot
 15677 | Depths:4 | Lost mutation: Your mind is very acute. (Int +8, Str/Dex
                  | -2) [Jiyva's grace]
 15677 | Depths:4 | Lost mutation: You are highly strong-willed. (Will++)
                  | [Jiyva's grace]
 15677 | Depths:4 | Lost mutation: Your pliable body absorbs attacks. (AC +2,
                  | EV +2) [Jiyva's grace]
 15677 | Depths:4 | Gained mutation: Your pliable body absorbs attacks. (AC +2,
                  | EV +2) [Jiyva's grace]
 15677 | Depths:4 | Gained mutation: Your gelatinous body deflects attacks. (AC
                  | +3, EV +3) [Jiyva's grace]
 15677 | Depths:4 | Gained mutation: You have a somewhat thin skeletal
                  | structure. (Dex +2, Stealth+) [Jiyva's grace]
 15677 | Depths:4 | Gained mutation: You have a moderately thin skeletal
                  | structure. (Dex +4, Stealth++) [Jiyva's grace]
 15678 | Depths:4 | Found a gate to the Realm of Zot.
 15688 | Depths:4 | Noticed a juggernaut
 15690 | Depths:4 | Got a midnight gem with 1132 turns to spare
 15696 | Depths:4 | Killed a juggernaut
 15708 | Zot:1    | Entered Level 1 of the Realm of Zot
 15775 | Zot:4    | Noticed an orb of fire
 15782 | Zot:4    | Killed an orb of fire
 15818 | Zot:5    | Entered Level 5 of the Realm of Zot
 15818 | Zot:5    | Found a transporter.
 15824 | Zot:5    | Found a transporter.
 15824 | Zot:5    | Found a transporter.
 15826 | Zot:5    | Found a transporter.
 15849 | Zot:5    | Noticed an orb of fire
 15852 | Zot:5    | Killed an orb of fire
 15857 | Zot:5    | Noticed an orb of fire
 15858 | Zot:5    | Noticed an orb of fire
 15862 | Zot:5    | Killed an orb of fire
 15864 | Zot:5    | Killed an orb of fire
 15870 | Zot:5    | Noticed an ancient lich
 15873 | Zot:5    | Killed an ancient lich
 15922 | Zot:5    | Noticed an orb of fire
 15922 | Zot:5    | Noticed an orb of fire
 15923 | Zot:5    | Lost mutation: You are robust. (+10% HP) [an orb of fire]
 15926 | Zot:5    | Gained mutation: You occasionally lose the ability to drink
                  | potions when taking damage. [an orb of fire]
 15927 | Zot:5    | Got the Orb of Zot
 15927 | Zot:5    | Gained mutation: You sometimes lose the ability to drink
                  | potions when taking damage. [an orb of fire]
 15933 | Zot:5    | Noticed an orb of fire
 15933 | Zot:5    | Killed an orb of fire
 15933 | Zot:5    | Noticed an orb of fire
 16121 | D:9      | Killed Erolcha
 16146 | D:7      | Was placed under penance by Jiyva
 16147 | D:7      | Sapher: yeayea
 16150 | D:7      | EnegeticOcto: classic J
 16150 | D:7      | iamserjio: j penance abuse bat form orbrun
 16200 | D:4      | Was forgiven by Jiyva
 16250 | D:1      | EnegeticOcto: gg
 16250 | D:1      | Sapher: rip fe hs
 16251 | D:$      | Escaped with the Orb!

Illustrated notes

Levels and vault maps discovered:
D:1:      dpeg_arrival_pond, layout_basic,
          dreamdust_ecumenical_altar_angels_and_demons, hex_intersection
D:2:      layout_loops_cross, serial_shops, nicolae_shop_tiny_statue_garden,
          shop, basic_altar, kennysheep_jessica_study
D:3:      layout_loops_ring, led_sif_pool, ebering_ghost_gozag,
          cheibrodos_sewer_entry_bend, uniq_terence
D:4:      layout_rooms
D:5:      layout_basic, enter_ossuary_2, uniq_grinder
D:6:      layout_basic, minmay_temple_entry_metal_lava, st_stairs_9,
          uniq_eustachio, uniq_maggie, uniq_duvessa
D:7:      layout_basic
D:8:      layout_gridville, elyvilon_altar_3, xom_teletrap_fun,
          lemuel_doored_altar, uniq_joseph
D:9:      layout_roguey, hangedman_ru_absence, nicolae_overflow_squiral,
          lair_entry_dummy, hangedman_decor_opposing, uniq_erolcha
D:10:     layout_grid_maze, minmay_orc_entry_temple_small
D:11:     layout_roguey [special_room_bee]
D:12:     nicolae_cairo_tiling_very_big, layout_irregular_city, grunt_livestock,
          nicolae_shop_distant_corner_stores, nemelex_diamond_rough_becter,
          uniq_sonja
D:13:     minmay_tri_stars, layout_long_grid
D:14:     layout_basic, hangedman_vaults_entry_quadrant_bands, uniq_josephine
D:15:     gammafunk_enter_depths_forms, layout_long_grid,
          serial_library_hellmonk_secret_room, fedhas_altar_3
Lair:1:   layout_hall_layers, chequers_serial_rivers_micro_d,
          infiniplex_staircase_pool, grunt_megastairs_3
Lair:2:   layout_hall_layers, dreamdust_mushroom_princess, serial_bayou_pond_a,
          cheibrodos_lair_reptile_den, infiniplex_staircase_pool_2,
          grunt_megastairs_5, uniq_gastronok
Lair:3:   layout_chaotic_city, elwin_shoals_entry_rocks,
          minmay_snake_entry_six_corridors, portal_ice_cave_rime,
          lemuel_fruit_fields
Lair:4:   onia_ninara_swampy_vault, layout_regular_city, uniq_rupert,
          uniq_nessos, uniq_kirke
Lair:5:   minmay_lair_end_enchanted_forest, layout_regular_city, slime_entry_2,
          kennysheep_rathole
Shoals:1: cheibrodos_shoals_satyrical_garden, layout_shoals, serial_shops,
          nicolae_shop_just_a_little_nook, nicolae_shoals_pincushion_passage
Shoals:2: nicolae_shoals_aurelia_aurita, layout_shoals, uniq_ilsuiw
Shoals:3: layout_shoals, serial_shops, nicolae_shop_real_fake_doors,
          uniq_polyphemus, uniq_donald
Shoals:4: shoals_end_simple, layout_shoals, uniq_bai_suzhen
Snake:1:  layout_chambers, serial_shops, nicolae_take_the_stairs,
          nicolae_shop_hallway_plus, shop, shop_statue, minmay_shop_star
Snake:2:  layout_basic, gammafunk_ghost_arena, nicolae_triple_integral,
          lemuel_fruit_tree, serial_bayou_shore_b, uniq_aizul
Snake:3:  layout_cave_town, basic_altar, ebering_ghost_disaster_area,
          nicolae_elevator_lobby_asterisk, uniq_louise
Snake:4:  minmay_snake_end_coiled, layout_basic, hangedman_snake_corridor_split,
          uniq_vashnia
Slime:1:  layout_caves
Slime:2:  layout_caves
Slime:3:  layout_caves, cheibrodos_slime_lost_civilization_7
Slime:4:  layout_caves
Slime:5:  slime_pit_nicolae_inversion
Vaults:1: vaults_room_hangedman_quadrants, ontoclasm_vaults_claustrophobia,
          ontoclasm_vaults_fault, ontoclasm_vaults_eye,
          ontoclasm_vaults_ligature, vaults_dpeg_encased_lava,
          nicolae_vaults_frosty_reception, v_rooms_6, nicolae_vaults_prndl,
          v_misc_14, ontoclasm_vaults_tryst, v_misc_33, vaults_dpeg_cross,
          nicolae_vaults_apartment_1, nicolae_vaults_little_ls,
          nicolae_vaults_closet_pinwheel_6, layout_vaults_omnibox
Vaults:2: gammafunk_ghost_split, vaults_room_fancy_cross,
          minmay_crypt_entry_simple_statues, v_misc_30, nicolae_vaults_alarming,
          hangedman_vaults_pinch, nicolae_vaults_statue_guard, vaults_room_pool,
          nicolae_vaults_diamond_2, v_misc_14, vaults_room_hallway,
          vaults_mumra_minichess_inversion, layout_vaults_chaotic_city,
          serial_shops, nicolae_shop_behind_doors,
          nicolae_trove_entry_free_sample
Vaults:3: nicolae_vaults_storing_the_good_stuff, nicolae_vaults_sightless_eye,
          v_rooms_2, v_alt_pattern_1, grunt_vaults_hallway_short,
          nicolae_vaults_tetromino_T_1, v_misc_27, layout_vaults_quadrants,
          serial_shops, shop, nicolae_lakefront_shop, shop_coins, uniq_mennas,
          uniq_asterion, uniq_frederick, uniq_margery
Vaults:4: mu_enter_wizlab_6, nicolae_vaults_meiosis,
          nicolae_vaults_border_crossing, vaults_dpeg_hooks,
          nicolae_vaults_weapon_check, nicolae_vaults_circle_grid_b, v_rooms_6,
          v_misc_2, v_misc_14, vaults_room_hallway, hangedman_vaults_river_flow,
          nicolae_vaults_tetromino_L_1, nicolae_vaults_trapezoid_lopsided_1,
          layout_vaults_omnicross
Vaults:5: uniq_boris
Crypt:1:  layout_misc_corridors, lemuel_upstairs_altar,
          grunt_crypt_arrival_webbed
Crypt:2:  layout_chaotic_city, nicolae_crypt_crosshalls,
          roderic_lattice_octagonal_star, uniq_sojobo, uniq_zenata
Crypt:3:  lightli_unholy_cathedral, layout_chaotic_city,
          tomb_entry_simple_bobbens
Tomb:1
Tomb:2
Tomb:3
Depths:1: minmay_imperfect_grid, layout_gridville, enter_ziggurat_d,
          serial_shops, shop, nicolae_shop_waterfront, hell_entry,
          serial_sigils, serial_sigils_hangedman_carve,
          serial_sigils_hangedman_clutch, serial_sigils_hangedman_gnaw,
          serial_sigils_hangedman_shear, drop_trap,
          hangedman_abyss_or_decor_lesser_grid, minmay_misc_feat_hallway,
          minivault_22, nicolae_good_shop
Depths:2: bobbens_index_wilting_gardens, layout_cave_pools,
          kennysheep_cross_room, grunt_hell_horde, hangedman_abyss_entry_splay,
          grunt_pan_entry_zigzag, zin_academy
Depths:3: minmay_the_grid_square_5x5_4x4 [minmay_the_grid_square_5x5_fat_x,
          minmay_the_grid_square_5x5_intrusive_squares,
          minmay_the_grid_square_5x5_checkered,
          minmay_the_grid_square_5x5_half_checkered,
          minmay_the_grid_square_5x5_tri_point,
          minmay_the_grid_square_5x5_prize_rear_guard,
          minmay_the_grid_square_5x5_prize_gold,
          minmay_the_grid_square_5x5_minivault, minmay_the_grid_square_5x5_two,
          minmay_the_grid_square_5x5_prize_snowflake,
          minmay_the_grid_square_5x5_prize_deathbox,
          minmay_the_grid_square_5x5_one_wall,
          minmay_the_grid_square_5x5_checkered_statues,
          minmay_the_grid_square_5x5_inner_z, minmay_the_grid_square_5x5_corner,
          minmay_the_grid_square_5x5_three], layout_cave_shapes, abyss_entry,
          gammafunk_ghost_mausoleum, serial_bayou_pond_c, hell_entry, uniq_jory,
          uniq_parghit
Depths:4: grunt_zot_entry_funnels, layout_gridlike, abyss_entry, hell_entry,
          nicolae_two_hexagons, minmay_misc_feat_plants
Hell
Dis:1:    layout_jigsaw
Dis:2:    layout_jigsaw
Dis:3:    grunt_dis_stairs_iron_hall
Dis:4:    layout_jigsaw
Dis:5:    layout_gridville
Dis:6:    layout_gridville
Dis:7:    iron_city_of_dis [dis_grunt, dis_wall_8], layout_gridville
Geh:1:    layout_gehenna_pools_box
Geh:2:    layout_gehenna_pools_basic
Geh:3:    layout_gehenna_pools_box
Geh:4:    nicolae_geh_tyrants_menagerie, layout_gehenna_pools_basic
Geh:5:    layout_gehenna_pools_triple
Geh:6:    nicolae_geh_lava_swirls, layout_gehenna_pools_box,
          lemuel_hellish_altar
Geh:7:    geh_grunt
Coc:1:    layout_cocytus_water_paths
Coc:2:    layout_cocytus_water_paths
Coc:3:    nicolae_coc_on_the_berg
Coc:4:    layout_ice_bergs
Coc:5:    layout_cocytus_delve
Coc:6:    nicolae_hells_titanomachy
Coc:7:    coc_grunt
Tar:1:    nicolae_tar_checkpoint_tarlie, layout_cathedral_of_symmetry
Tar:2:    layout_grid_maze
Tar:3:    layout_catacombs
Tar:4:    layout_honeycomb, nicolae_tar_combstack
Tar:5:    layout_grid_maze
Tar:6:    layout_grid_maze, nicolae_tar_honey_rotating
Tar:7:    tar_minmay_river
Zot:1:    layout_concentric_octagons, regret_index_zotdec_banners
Zot:2:    minmay_elemental_castle, layout_misc_corridors,
          hellmonk_greenhouse_of_terror
Zot:3:    layout_basic, grunt_megastairs_1
Zot:4:    lemuel_firehouse, layout_cathedral_of_symmetry, uniq_vv
Zot:5:    layout_misc_corridors, gammafunk_ghost_arena, grunt_ministairs_14,
          not_door_vault_mu, serial_nicolae_subway, nicolae_sub_station_stone,
          nicolae_sub_station_crystal, nicolae_sub_station_metal

Skill      XL: |  1  2  3  4  5  6  7  8  9 10 11 12 13 14 15 16 17 18 19 20 21 22 23 24 25 26 27 |
---------------+----------------------------------------------------------------------------------+-----
Stealth        | 3 4 5 6 8 14 | 14.6
Dodging        | 3 4 5 6 7 8 10 11 12 14 17 20 27 | 27.0
Unarmed Combat | 1 2 3 4 5 6 9 |  9.6
Ice Magic      | 4 5 7 14 18 19 20 21 25 | 25.0
Shapeshifting  | 1 2 3 5 7 11 12 14 16 20 | 20.7
Spellcasting   | 3 4 5 6 7 8 9 12 13 15 17 19 | 19.0
Summonings     | 1 2 |  2.0
Evocations     | 1 2 13 | 13.0
Fighting       | 1 2 4 5 6 8 25 | 25.2
Conjurations   | 3 4 5 10 | 10.0
Air Magic      | 3 4 7 |  7.0
Fire Magic     | 3 5 6 8 11 15 16 18 | 18.0
Alchemy        | 2 |  2.0
Translocations | 6 8 9 |  9.5
Earth Magic    | 2 23 | 23.0

Action                     |  1- 3 |  4- 6 |  7- 9 | 10-12 | 13-15 | 16-18 | 19-21 | 22-24 | 25-27 || total
---------------------------+-------+-------+-------+-------+-------+-------+-------+-------+-------++-------
  Melee: Unarmed           |    39 |   193 |    64 |   106 |    89 |   242 |   151 |     9 |   200 ||  1093
         Bite              |     4 |    22 |     9 |     9 |    13 |    46 |    28 |       |    55 ||   186
         Punch             |       |     7 |     3 |     3 |     1 |    14 |     7 |       |    36 ||    71
         Constrict         |       |       |       |     9 |       |       |       |       |       ||     9
   Cast: Freeze            |    27 |    13 |    25 |     1 |       |       |       |       |       ||    66
         Frozen Ramparts   |     1 |    11 |    21 |    35 |    31 |    25 |     2 |       |       ||   126
         Ozocubu's Armour  |       |     8 |    10 |    21 |    21 |    21 |     8 |     1 |     1 ||    91
         Summon Ice Beast  |       |       |    15 |    35 |    33 |    10 |       |       |       ||    93
         Freezing Cloud    |       |       |       |    28 |   135 |    58 |    31 |       |       ||   252
         Fireball          |       |       |       |       |    30 |    31 |    15 |     2 |     8 ||    86
         Plasma Beam       |       |       |       |       |       |   118 |   206 |     3 |     1 ||   328
         Ignition          |       |       |       |       |       |     1 |    95 |    17 |    95 ||   208
         Passwall          |       |       |       |       |       |       |    14 |       |    18 ||    32
         Vhi's Electric Ch |       |       |       |       |       |       |    13 |     4 |   114 ||   131
         Irradiate         |       |       |       |       |       |       |    12 |     6 |    41 ||    59
         Polar Vortex      |       |       |       |       |       |       |     1 |     4 |   333 ||   338
         Passage of Golubr |       |       |       |       |       |       |       |       |   428 ||   428
         Shatter           |       |       |       |       |       |       |       |       |   267 ||   267
         Lehudib's Crystal |       |       |       |       |       |       |       |       |    22 ||    22
         Borgnjor's Vile C |       |       |       |       |       |       |       |       |     4 ||     4
 Invoke: Slimify           |       |       |       |       |     1 |       |       |       |       ||     1
         Oozemancy         |       |       |       |       |       |     7 |     5 |       |     5 ||    17
  Evoke: Wand              |       |       |     3 |     7 |     2 |     8 |     8 |     1 |    41 ||    70
         Phantom mirror    |       |       |       |       |       |     2 |     2 |     1 |     3 ||     8
         Figurine of a zig |       |       |       |       |       |       |     1 |       |       ||     1
    Use: Scroll            |     4 |       |     6 |     4 |     1 |    12 |    13 |     3 |    40 ||    83
         Potion            |       |     2 |     4 |       |       |    11 |    17 |    14 |    33 ||    81
   Stab: Sleeping          |     3 |     5 |     3 |     2 |     3 |     4 |     3 |       |     7 ||    30
         Confused          |       |       |       |     1 |       |       |    19 |       |     1 ||    21
         Distracted        |       |       |       |     1 |       |       |       |     1 |       ||     2
 Armour: Skin              |    20 |    63 |    25 |    79 |   255 |   385 |   594 |    46 |   701 ||  2168
  Dodge: Dodged            |    38 |   178 |   122 |   138 |   504 |   852 |   643 |    61 |  2372 ||  4908
  Block: Other             |       |       |       |       |       |       |       |       |   249 ||   249
   Form: Beast             |     1 |       |       |       |       |       |       |       |       ||     1
         Statue            |       |       |       |     1 |       |       |       |     1 |     1 ||     3
         Serpent           |       |       |       |     1 |       |       |       |       |       ||     1
                           |       |       |       |       |       |       |       |       |     1 ||     1
